 Dungeon Crawl Stone Soup version 0.30.1-11-g7821555f0a (webtiles) character file.

Game seed: 4013338738196231806

3450256 Nonny the Minotaur Barricade (level 27, 273/273 HPs)
             Began as a Minotaur Berserker on Nov 24, 2023.
             Was an Elder of Trog.
             Escaped with the Orb
             ... and 5 runes!
             The game lasted 05:35:30 (64338 turns).

Nonny the Minotaur Barricade (Minotaur Berserker)  Turns: 64338, Time: 05:35:31

Health: 273/273    AC: 32    Str: 30    XL:     27
Magic:  24/24      EV: 30    Int: 15    God:    Trog [****..]
Gold:   3954       SH: 35    Dex: 23    Spells: 26/26 levels left

rFire   + + .        z - +5 demon whip of Zufut {heavy, Str+4}
rCold   . . .        U - +8 tower shield {rF+}
rNeg    + + .        C - +7 pearl dragon scales
rPois   .            t - +0 hat {Int+3}
rElec   +            G - +4 dragonskin cloak
rCorr   +            W - +0 pair of fencer's gloves {Riposte Dex+3}
SInv    +            o - +0 pair of boots {Fly}
Will    +++++        J - amulet "Ucoes" {rN+ Regen+ SInv Stlth+}
Stlth   ++           M - ring "Geodem" {Drain rF+ Will+ Int+2 SInv}
HPRegen 2.45/turn    m - ring of the Rescuing Pariah {rElec rCorr Int+6}
MPRegen 0.19/turn

%: no passive effects
@: mighty, strong-willed (expiring), flying, regenerating (expiring)
A: horns 2, retaliatory headbutt, deterioration 1, high MP 1, mutation
resistance 1, screaming 1
0: Orb of Zot
}: 5/15 runes: serpentine, barnacled, slimy, silver, abyssal
a: Renounce Religion, Berserk, Trog's Hand, Brothers in Arms


You escaped.
You worshipped Trog.
Trog was greatly pleased with you.
You visited 11 branches of the dungeon, and saw 53 of its levels.
You visited the Abyss 1 time.
You visited 1 bazaar.
You also visited: Sewer, Bailey and Volcano.

You collected 6953 gold pieces.
You spent 2999 gold pieces at shops.

Inventory:

Hand Weapons
 z - the +5 demon whip of Zufut (weapon) {heavy, Str+4}
   (Trog gifted it to you on level 4 of the Realm of Zot)

   Str:       It affects your strength (+4).
 D - a +4 antimagic demon whip
Missiles
 h - 14 curare-tipped darts
 q - 12 throwing nets
 A - 23 boomerangs (quivered)
 L - 16 silver javelins
 N - 15 javelins
Armour
 o - a +0 pair of boots of flying (worn)
 t - a +0 hat of intelligence (worn)
 C - +7 pearl dragon scales (worn)
 G - the +4 dragonskin cloak (worn)
   (You took it off Tiamat on level 2 of the Realm of Zot)

   Avatar's Aegis: It grants the wearer a chance to resist fire, cold, poison,
   electricity, acid, and negative energy.
 U - a +8 tower shield of fire resistance (worn)
 W - the +0 pair of fencer's gloves (worn) {Riposte Dex+3}
   (You found it on level 2 of the Lair of Beasts)

   Riposte:   It allows the wearer to riposte with melee weapons, swiftly
   retaliating against missed or blocked melee attacks.
   Dex:       It affects your dexterity (+3).
Jewellery
 m - the ring of the Rescuing Pariah (right hand) {rElec rCorr Int+6}
   (You found it on level 5 of the Pits of Slime)

   [ring of resist corrosion]

   Int:       It affects your intelligence (+6).
   rElec:     It insulates you from electricity.
   rCorr:     It protects you from acid and corrosion.
 s - the ring "Vethuine" {rPois rF+ rCorr Dex+4}
   (You bought it in a shop on level 5 of the Vaults)

   [ring of protection from fire]

   Dex:       It affects your dexterity (+4).
   rF:        It protects you from fire.
   rPois:     It protects you from poison.
   rCorr:     It protects you from acid and corrosion.
 J - the amulet "Ucoes" (around neck) {rN+ Regen+ SInv Stlth+}
   (You found it on level 3 of the Crypt)

   [amulet of regeneration]

   rN:        It protects you from negative energy.
   SInv:      It lets you see invisible.
   Regen:     It increases your rate of health regeneration.
   Stlth:     It makes you more stealthy.
 M - the ring "Geodem" (left hand) {Drain rF+ Will+ Int+2 SInv}
   (You acquired it on level 5 of the Pits of Slime)

   [ring of see invisible]

   Int:       It affects your intelligence (+2).
   rF:        It protects you from fire.
   SInv:      It lets you see invisible.
   Drain:     It drains your maximum health when unequipped.
   Will:      It increases your willpower.
 P - the ring of Divi {rF+++ rN+ Str+5 Int-3 Stlth+}
   (You found it on level 3 of the Crypt)

   [ring of positive energy]

   Str:       It affects your strength (+5).
   Int:       It affects your intelligence (-3).
   rF:        It renders you almost immune to fire.
   rN:        It protects you from negative energy.
   Stlth:     It makes you more stealthy.
 Z - the ring of Cienaun {rC+ rN+ Slay+6}
   (You found it on level 3 of the Crypt)

   [ring of positive energy]

   Slay:      It affects your accuracy & damage with ranged weapons and melee
   (+6).
   rC:        It protects you from cold.
   rN:        It protects you from negative energy.
Wands
 b - a wand of digging (5)
 f - a wand of paralysis (42)
 p - a wand of iceblast (15)
 Q - a wand of mindburst (19)
 R - a wand of quicksilver (26)
Scrolls
 a - 2 scrolls of silence
 g - 23 scrolls of teleportation
 l - 8 scrolls of blinking
 y - 11 scrolls of fear
 E - 5 scrolls of noise
 I - a scroll of magic mapping
 T - 4 scrolls of butterflies
Potions
 c - 4 potions of cancellation
 d - 8 potions of flight
 e - 11 potions of mutation
 i - 5 potions of resistance
 k - 23 potions of curing
 n - 3 potions of attraction
 r - 6 potions of invisibility
 v - 6 potions of magic
 x - 3 potions of might
 F - 5 potions of heal wounds
 O - 2 potions of haste
 X - 4 potions of berserk rage
Miscellaneous
 j - a condenser vane
 B - a phial of floods
 K - a lightning rod (4/4)
 V - a box of beasts
 Y - a phantom mirror


   Skills:
 O Level 27 Fighting
 O Level 27 Maces & Flails
 * Level 24.0 Throwing
 - Level 14.6 Armour
 + Level 25.4 Dodging
 - Level 13.4 Stealth
 O Level 27 Shields
 - Level 15.0 Evocations


You had 26 spell levels left.
You didn't know any spells.
Your spell library was empty.

Dungeon Overview and Level Annotations

Branches:
Dungeon (15/15)            Temple (1/1) D:6            Lair (5/5) D:9
 Shoals (4/4) Lair:3        Snake (4/4) Lair:3        Slime (5/5) Lair:5
    Orc (2/2) D:11            Elf (0/3) Orc:2        Vaults (5/5) D:13
  Crypt (3/3) Vaults:2       Tomb (0/3) Crypt:3      Depths (4/4) D:15
    Zot (5/5) Depths:4      Sewer (visited)          Bailey (visited)
Volcano (visited)

Altars:
Ashenzari
Cheibriados
Dithmenos
Elyvilon
Fedhas
Gozag
Hepliaklqana
Kikubaaqudgha
Makhleb
Nemelex Xobeh
Okawaru
Qazlal
Ru
Sif Muna
Trog
Uskayaw
Vehumet
Wu Jian
Xom
Yredelemnul
Zin
The Shining One
Jiyva

Shops:
D:3 =   D:11 [   D:12 (   Orc:2 ([[?   Shoals:3 (   Snake:2 [   Vaults:5 =!?[
Depths:1 (   Depths:3 =

Portals:
Hell: Depths:1 Depths:2 Depths:3 Depths:4
Abyss: Depths:3
Pandemonium: Depths:2 Depths:3
Ziggurat: Depths:2
Trove: D:13 (give 12 potions of heal wounds)

Annotations:
Depths:2 1 runed translucent door, Grunn


Innate Abilities, Weirdness & Mutations

You have a pair of horns on your head.
You reflexively headbutt those who attack you in melee.
Your body sometimes deteriorates upon taking damage.
You have an increased reservoir of magic. (+10% MP)
You are somewhat resistant to further mutation.
You occasionally shout uncontrollably at your foes.


Message History

Unknown command.
You whack Seguguoz! You headbutt Seguguoz!
Seguguoz is almost dead.
You block Seguguoz's attack.
You riposte.
You hit Seguguoz but do no damage.
You headbutt Seguguoz, but do no damage.
Seguguoz is almost dead.
You block the wraith's attack.
You riposte.
You hit the wraith but do no damage.
You headbutt the wraith, but do no damage.
The wraith is severely damaged.
The phantasmal warrior closely misses you.
Unknown command.
You hit Seguguoz but do no damage.
You headbutt Seguguoz, but do no damage.
Seguguoz is almost dead.
You block Seguguoz's attack.
You block the freezing wraith's attack. x2
The wraith completely misses you. The phantasmal warrior gestures at you.
The phantasmal warrior blinks!
You block the freezing wraith's attack. The freezing wraith misses you.
The shadow wraith barely misses you. You furiously retaliate!
You headbutt the shadow wraith. You whack Seguguoz!
You kill Seguguoz!
Trog accepts your kill.
The phantasmal warrior disappears in a puff of smoke!
The freezing wraith disappears in a puff of smoke!
The wraith disappears in a puff of smoke! x3
The freezing wraith disappears in a puff of smoke!
The phantasmal warrior disappears in a puff of smoke!
The shadow wraith disappears in a puff of smoke!
There is a staircase leading out of the dungeon here.
You start waiting.
You feel the effects of Trog's Hand fading.
Okay, then.
You feel very mighty all of a sudden.
You feel more buoyant.
Okay, then.
As you read the scroll of butterflies, it crumbles to dust.
You hear the flapping of tiny wings.
You have escaped!

#>......######.###########...##
######..######.###############
#..##..............##..#
#..##..............##..##
#..##..######.###..##...####
#..##..#...bb...#..##.#.....
######......#bbbbb.b.#..##.#.....
....##..##..#..bbbb.b...##.##....
.....#####..#bb.@bbbb#..##.##..).
......# #...bbbbbbb.#..##.##....
......# #..#bbb.bb..#.....##..#.
......# #..#.b.bbb..#..##.###..#
......# #..###b######..##.......
......# #..............###......
.....## #..............##.......
)....## ##########.########.....
......# #.# #.....


There were no monsters in sight!

Vanquished Creatures
  the Royal Jelly (Slime:5)
  2 seraphim
  Tiamat (Zot:2)
  2 dread liches
  4 ancient liches
  3 orbs of fire (Zot:5)
  Mara (Vaults:3)
  14 pandemonium lords
  3 juggernauts
  Boris (4 times) (Crypt:2 Zot:5 Zot:1 D:6)
  A royal mummy (Depths:3)
  3 Killer Klowns (Zot:5)
  Margery (Vaults:5)
  Bai Suzhen (Snake:4)
  Saint Roka (Crypt:2)
  A caustic shrike (Depths:2)
  Vashnia (Snake:4)
  9 golden dragons
  Jory (Depths:3)
  2 profane servitors
  3 bone dragons
  8 Tzitzimimeh
  2 hellephants (Zot:5)
  3 electric golems (Zot:5)
  4 Brimstone Fiends
  Zenata (Crypt:2)
  2 Ice Fiends
  The ghost of Aral the Warrior, an adept MiBe of Trog (Shoals:1)
  62 Orb Guardians
  28 tentacled monstrosities
  9 Hell Sentinels
  A walking earthen tome (Depths:2)
  7 liches
  A walking divine tome (Depths:2)
  Asterion (Snake:4)
  16 acid blobs
  5 quicksilver dragons
  4 titans
  5 Executioners
  10 death cobs
  4 sphinxes
  2 eldritch tentacles (Abyss:5)
  2 krakens
  6 ancient champions
  4 tentacled starspawn (Abyss:5)
  8 tengu reavers
  The ghost of SirLogeyBear the Severer, an adept HOBe of Trog (Snake:1)
  4 revenants
  7 draconian monks
  7 shadow dragons
  12 storm dragons
  2 demonspawn warmongers
  A daeva (Orc:2)
  Donald (Orc:2)
  10 rockslimes
  2 nagarajas (Snake:4)
  16 fire giants
  13 azure jellies
  6 draconian knights
  3 iron dragons
  10 draconian scorchers
  16 frost giants
  2 spectral juggernauts (Depths:3)
  2 deep elf sorcerers (Vaults:5)
  10 vault wardens
  A curse skull (Crypt:1)
  A caustic shrike zombie (Depths:2)
  4 ghost moths
  4 angels
  2 orc warlords
  6 reapers
  12 balrugs
  14 ghouls
  A draconian stormcaller (Zot:2)
  A juggernaut zombie (Depths:2)
  3 demonspawn blood saints
  6 cacodemons
  A caustic shrike skeleton (Depths:2)
  2 spectral caustic shrikes (Depths:3)
  A spriggan defender (Depths:4)
  8 war gargoyles
  5 draconian shifters
  4 demonspawn corrupters
  32 very ugly things
  4 quicksilver oozes (Slime:5)
  The ghost of Gipsust the Eclecticist, an adept DECj of Hepliaklqana (D:15)
  5 draconian annihilators
  2 juggernaut skeletons (Crypt:3)
  A deep elf demonologist (Vaults:5)
  22 ironbound preservers
  2 demonspawn black suns
  8 green draconians
  21 stone giants
  5 ironbound thunderhulks
  12 black draconians
  The ghost of scisormetimb3rs the Blocker, a journeyman FoFi of Dithmenos (Lair:1)
  12 vampire knights
  8 dire elephants
  5 lorocyprocas
  22 red draconians
  16 purple draconians
  2 spectral titans (Depths:3)
  10 yellow draconians
  The ghost of Azazsd the Fighter, a journeyman DsFE of Vehumet (D:13)
  5 white draconians
  3 spark wasps
  7 blizzard demons
  15 ettins
  4 eidola
  14 merfolk impalers
  3 mummy priests
  2 crystal guardians
  11 green deaths
  3 merfolk javelineers (Shoals:4)
  5 deep elf death magi
  Josephine (D:11)
  7 jiangshi
  A fire dragon (shapeshifter) (Vaults:5)
  10 yaktaur captains
  Snorg (Lair:4)
  13 fire dragons
  3 deep elf high priests (Vaults:5)
  5 entropy weavers
  5 rakshasas
  10 great orbs of eyes
  4 peacekeepers
  7 hell beasts
  A spectral sphinx (Depths:3)
  25 vault guards
  13 ironbound frosthearts
  9 ice dragons
  Erolcha (D:13)
  A spectral tengu (Depths:3)
  4 hydras
  An ogre mage (D:15)
  5 salamander tyrants
  2 spriggan air magi
  4 merfolk avatars
  7 anacondas
  A caustic shrike simulacrum (Crypt:1)
  4 death knights
  2 spectral shadow dragons
  An anaconda (shapeshifter) (Vaults:5)
  18 centaur warriors
  8 two-headed ogres
  7 merfolk aquamancers
  13 naga warriors
  7 deep troll shamans
  10 boulder beetles
  7 death yaks
  A spectral dire elephant (Lair:5)
  A spectral frost giant (Depths:3)
  A satyr (Shoals:3)
  5 deep troll earth magi
  15 hell hogs
  4 thrashing horrors (Abyss:5)
  2 tengu warriors
  6 spriggan berserkers
  7 vampire magi
  3 hell knights (Vaults:5)
  13 naga sharpshooters
  8 shock serpents
  35 sun demons
  Sonja (Lair:3)
  An orc high priest (Orc:2)
  11 salamander mystics
  A storm dragon zombie (Crypt:2)
  8 soul eaters
  A wretched star (Abyss:5)
  10 sixfirhies
  4 skysharks
  A spectral death yak (Lair:5)
  A titan skeleton (Crypt:1)
  19 iron trolls
  A spatial maelstrom (Abyss:5)
  2 shadow wraiths
  19 large abominations
  57 skeletal warriors
  A spectral spark wasp (Depths:3)
  7 cherubim
  8 flayed ghosts
  2 bunyip zombies (Crypt:1)
  A spectral anaconda (Lair:5)
  3 obsidian statues
  12 sea snakes
  A death drake (Abyss:5)
  9 shadow demons
  A spark wasp zombie (Depths:2)
  70 deep trolls
  6 bog bodies
  3 bunyip skeletons (Crypt:3)
  11 glowing orange brains
  15 wizards
  10 lindwurms
  A jorogumo zombie (Crypt:2)
  3 naga ritualists
  A spectral iron dragon (Depths:3)
  2 broodmother zombies (Crypt:2)
  14 necromancers
  15 ironbound convokers
  10 starcursed masses
  23 harpies
  12 orc knights
  11 phantasmal warriors
  An orc sorcerer (Orc:2)
  9 mana vipers
  An iron dragon zombie (Crypt:3)
  2 deep elf pyromancers
  2 anaconda skeletons (Crypt:3)
  A shadow dragon skeleton (Crypt:1)
  A spectral ettin (D:15)
  40 ugly things
  33 salamanders
  6 shining eyes
  2 iron dragon skeletons (Crypt:3)
  2 oklob plants
  13 fauns
  17 manticores
  8 cyclopes
  2 apocalypse crabs (Abyss:5)
  A stone giant skeleton (Crypt:3)
  9 guardian serpents
  28 moths of wrath
  12 elephants
  17 vault sentinels
  8 merfolk sirens
  4 eyes of devastation
  A fire giant skeleton (Vaults:3)
  A black mamba (shapeshifter) (D:13)
  4 rust devils
  12 naga magi
  2 dire elephant zombies
  4 toenail golems
  2 molten gargoyles (Volcano)
  39 black mambas
  4 cane toads
  2 torpor snails
  21 water nymphs
  A centaur skeleton (Crypt:1)
  7 gargoyles
  12 smoke demons
  A white draconian zombie (Crypt:2)
  4 demonic crawlers
  4 hellions
  5 dire elephant skeletons
  A kobold demonologist (Depths:3)
  7 komodo dragons
  26 yaktaurs
  10 orange demons
  A rime drake (Lair:2)
  2 unseen horror zombies (Crypt:3)
  3 unseen horrors
  A bunyip simulacrum (Crypt:1)
  2 naga skeletons (Crypt:3)
  2 spectral glowing shapeshifters (Depths:3)
  A golden dragon simulacrum (Depths:2)
  12 ice devils
  A death yak skeleton (Crypt:3)
  5 freezing wraiths
  A yaktaur (shapeshifter) (Vaults:5)
  A tengu conjurer (Depths:2)
  5 efreet
  2 ancient zymes (Abyss:5)
  2 red devils
  10 tormentors
  2 spectral humans (Depths:3)
  A troll (shapeshifter) (Vaults:5)
  A catoblepas skeleton (Crypt:1)
  35 merfolk
  12 guardian mummies
  A silent spectre (Abyss:5)
  9 hellwings
  A queen bee (Lair:1)
  A white draconian skeleton (Crypt:3)
  A merfolk (shapeshifter) (Vaults:5)
  14 trolls
  2 harpy skeletons (Crypt:3)
  3 harpy zombies
  A tengu simulacrum (Depths:2)
  15 blink frogs
  3 meliai (D:15)
  11 wind drakes
  Grinder (D:3)
  A polar bear (Lair:1)
  A wolf spider simulacrum (Lair:2)
  6 dream sheep
  6 hornets
  14 raiju
  5 snapping turtles
  A culicivora (Vaults:3)
  9 flying skulls (Crypt:3)
  A centaur simulacrum (D:15)
  129 slime creatures
  17 wraiths
  2 shadows
  3 spriggan skeletons
  A wyvern (Lair:1)
  3 ynoxinuls
  7 spriggans
  A black mamba zombie (Crypt:1)
  A dire elephant simulacrum (Lair:2)
  A vampire (Abyss:5)
  A slime creature zombie (Crypt:1)
  16 yaks
  7 air elementals (Shoals:4)
  An elf zombie (Vaults:3)
  The ghost of peterlawrence the Trooper, an amateur MiFi (D:3)
  2 fire bats (Volcano)
  21 water elementals
  2 golden eyes (Slime:3)
  4 basilisks
  6 neqoxecs
  3 redbacks (Vaults:1)
  20 fire elementals
  A death yak simulacrum (Lair:2)
  7 vampire mosquitoes
  3 chaos spawn
  10 wargs
  A yaktaur simulacrum (Vaults:3)
  2 spectral cane toads (Lair:5)
  A spatial vortex (Abyss:5)
  An entropy weaver zombie (Crypt:1)
  A harpy simulacrum (Crypt:1)
  28 nagas
  A water nymph zombie (Crypt:1)
  4 acid dragons
  A glowing shapeshifter skeleton (Crypt:2)
  3 floating eyes
  15 water moccasins
  5 hell hounds (Zot:5)
  A cane toad skeleton (Crypt:1)
  50 orc warriors
  A sky beast (D:8)
  A two-headed ogre skeleton (Crypt:1)
  3 black bears
  2 elephant zombies
  5 wolves (Lair:1)
  15 ogres
  A black mamba simulacrum (Crypt:1)
  A dream sheep skeleton (Crypt:3)
  A snapping turtle skeleton (Crypt:1)
  12 boggarts
  9 centaurs
  5 small abominations
  2 phantoms
  A komodo dragon zombie (Crypt:1)
  6 kobold brigands
  2 earth elementals
  A draconian zombie (Crypt:2)
  13 bullfrogs
  7 necrophages
  A gnoll sergeant (D:9)
  A glowing shapeshifter simulacrum (Depths:2)
  5 scorpions
  2 cane toad simulacra (Lair:5)
  8 wights
  2 cyclops skeletons (Crypt:2)
  A blink frog simulacrum (Lair:2)
  29 killer bees
  An electric eel (Lair:3)
  8 lava snakes
  A crimson imp (Zot:1)
  3 hounds
  7 jellies
  A komodo dragon simulacrum (Lair:2)
  3 gnoll boudas
  16 orc priests
  Crazy Yiuf (D:3)
  5 iguanas
  2 sleepcaps
  Ijyb (D:3)
  27 orc wizards
  Natasha (thrice) (D:4)
  10 hell rats
  A bullfrog simulacrum (Lair:2)
  An acid dragon skeleton (Crypt:3)
  Robin (D:2)
  An adder (shapeshifter) (Vaults:5)
  14 gnolls
  6 adders
  2 river rats (Sewer)
  2 shadow imps
  2 ufetubi
  A worm (Sewer)
  5 dart slugs
  82 orcs
  14 ball pythons
  3 bats
  18 endoplasms
  7 giant cockroaches
  13 goblins
  15 hobgoblins
  4 quokkas
  7 frilled lizards
  A jackal zombie (Crypt:3)
  35 kobolds
  A kobold zombie (Crypt:2)
  A quokka skeleton (Crypt:1)
  4 rats
  A spectral weapon (Snake:4)
  4 starspawn tentacles (Abyss:5)
  3 tentacles
2885 creatures vanquished.

Vanquished Creatures (collateral kills)
  3 pandemonium lords
  An orb of fire (Zot:5)
  2 dread liches (Zot:5)
  A Killer Klown (Zot:5)
  A golden dragon (Zot:5)
  A Brimstone Fiend (Orc:2)
  A Hell Sentinel (D:6)
  An Orb Guardian (Zot:5)
  A lich (Orc:2)
  A quicksilver dragon (Vaults:5)
  A draconian shifter (Zot:5)
  2 stone giants
  2 black draconians
  A green draconian (Zot:5)
  A purple draconian (Zot:1)
  A yellow draconian (Zot:5)
  A white draconian (Zot:1)
  An ettin (Vaults:5)
  A green death (Orc:2)
  A spectral golden dragon (Depths:3)
  A yaktaur captain (Vaults:5)
  A deep troll shaman (Depths:3)
  A death yak (Lair:4)
  A soul eater (Zot:1)
  A naga sharpshooter (Snake:4)
  A salamander mystic (Snake:1)
  A cherub (Orc:2)
  An iron troll (Depths:3)
  A deep troll (Depths:3)
  A phantasmal warrior (Vaults:5)
  A large abomination (Depths:4)
  A smoke demon (Orc:2)
  A vault sentinel (Vaults:5)
  An orange demon (Zot:1)
  A guardian mummy (Depths:3)
  A spectral glowing shapeshifter (Depths:3)
  5 yaktaurs (Vaults:5)
  2 red devils (Orc:2)
  2 dream sheep (Lair:4)
  A small abomination (Orc:2)
  4 yaks (Lair:4)
  A neqoxec (Depths:4)
  A naga (Snake:1)
  A water moccasin (Lair:4)
  A starcursed mass (Depths:4)
  A bullfrog (Lair:4)
60 creatures vanquished.

Vanquished Creatures (others)
  A curse toe (Zot:5)
  An eldritch tentacle (Orc:2)
  A draconian knight (Zot:1)
  A red draconian (Zot:2)
  A vault guard (Vaults:2)
  A deep troll (Vaults:1)
  A phantasmal warrior (Crypt:2)
  A merfolk (Shoals:4)
  A guardian mummy (Depths:3)
  A naga (Snake:3)
  3 orcs (D:11)
  A kobold (D:8)
  16 starspawn tentacles (Abyss:5)
  6 tentacles
36 creatures vanquished.

Grand Total: 2981 creatures vanquished

Notes
Turn   | Place    | Note
-------+----------+-------------------------------------------
     0 | D:1      | Nonny the Minotaur Berserker began the quest for the Orb.
     0 | D:1      | Reached XP level 1. HP: 19/19 MP: 0/0
   146 | D:1      | Found a faded altar of an unknown god.
   156 | D:1      | Reached XP level 2. HP: 26/27 MP: 1/1
   362 | D:1      | Reached ** piety under Trog
   382 | D:1      | boots in north
   442 | D:1      | Reached XP level 3. HP: 33/33 MP: 2/2
   540 | D:2      | Noticed Robin
   684 | D:2      | Killed Robin
  1071 | D:2      | Reached XP level 4. HP: 41/41 MP: 3/3
  1300 | D:3      | Found Cosoged's Jewellery Boutique.
  1307 | D:3      | Noticed Ijyb
  1319 | D:3      | Killed Ijyb
  1320 | D:3      | Reached skill level 5 in Maces & Flails
  1349 | D:3      | +2 leather armor of poison resistance (rPois) on Ijyb
  1409 | D:3      | Found a runed translucent door.
  1410 | D:3      | Noticed Crazy Yiuf
  1595 | D:3      | Found a runed translucent door.
  1595 | D:3      | Noticed peterlawrence's ghost (amateur MiFi)
  1609 | D:3      | Noticed Grinder
  1611 | D:3      | Killed peterlawrence's ghost
  1612 | D:3      | Reached skill level 5 in Fighting
  1612 | D:3      | Reached XP level 5. HP: 48/48 MP: 4/4
  1672 | D:3      | Killed Grinder
  1673 | D:3      | Reached XP level 6. HP: 56/56 MP: 5/5
  1968 | D:3      | > Crazy Yiuf says, "I'm not crazy!"
  1973 | D:3      | Killed Crazy Yiuf
  1985 | D:3      | +2 cloak of preservation on Uncle Yiff
  2110 | D:4      | Identified the +3 robe of Jeuqeom {rElec rCorr}
  2231 | D:4      | Reached XP level 7. HP: 48/61 MP: 6/6
  2859 | D:4      | Noticed Natasha
  2864 | D:4      | Killed Natasha
  3409 | D:4      | Noticed Natasha
  3416 | D:4      | Killed Natasha
  3627 | D:4      | Noticed Natasha
  3632 | D:4      | Killed Natasha
  3644 | D:5      | Entered Level 5 of the Dungeon
  3648 | D:5      | Found a glowing drain.
  3678 | Sewer    | Entered a sewer
  3791 | Sewer    | Reached *** piety under Trog
  3792 | Sewer    | Reached XP level 8. HP: 68/70 MP: 7/7
  3808 | Sewer    | Reached skill level 1 in Evocations
  3812 | Sewer    | Found a viscous altar of Jiyva.
  3920 | D:5      | +4 scale mail
  3940 | D:5      | Identified the +3 whip "Gietasuk" {flame, rCorr}
  3986 | D:5      | Found an opulent altar of Gozag.
  4100 | D:5      | Reached skill level 5 in Dodging
  4627 | D:5      | Reached skill level 10 in Maces & Flails
  4768 | D:5      | This game has been quite generous on rCorr, aside from it
                  | being on a ring.
  4969 | D:6      | Found a bloodstained altar of Trog.
  4977 | D:6      | Found a staircase to the Ecumenical Temple.
  4990 | Temple   | Entered the Ecumenical Temple
  5235 | Temple   | Temple: the two prongs
  5499 | D:6      | Reached XP level 9. HP: 79/79 MP: 8/8
  5535 | D:6      | Identified the ring of Qosa {rF- rN++ Int+6}
  5617 | D:6      | Reached skill level 5 in Armour
  5652 | D:6      | 7 stones inside centaur island.
  5795 | D:7      | Reached **** piety under Trog
  5886 | D:7      | Found a flagged portal.
  5901 | Bailey   | Entered a bailey
  5906 | Bailey   | Noticed an orc warlord
  6049 | Bailey   | Found a runed translucent gate.
  6050 | Bailey   | Found a runed translucent gate.
  6052 | Bailey   | Found a runed translucent gate.
  6077 | Bailey   | Noticed an orc knight
  6097 | Bailey   | Killed an orc knight
  6290 | Bailey   | Killed an orc warlord
  6291 | Bailey   | Reached XP level 10. HP: 80/90 MP: 9/9
  6958 | D:7      | Reached skill level 5 in Evocations
  7168 | D:8      | Reached ***** piety under Trog
  7649 | D:8      | +2 pair of boots in western hallway
  7999 | D:8      | Found a stormy altar of Qazlal.
  8031 | D:8      | Found an ornate altar of the Wu Jian Council.
  8143 | D:9      | Reached skill level 1 in Shields
  8289 | D:9      | Found an ancient bone altar of Kikubaaqudgha.
  8507 | D:9      | Found a staircase to the Lair.
  8555 | D:9      | Found a sacrificial altar of Ru.
  8957 | Lair:1   | Entered Level 1 of the Lair of Beasts
  8971 | Lair:1   | Noticed a black mamba
  8991 | Lair:1   | Killed a black mamba
  8992 | Lair:1   | Reached XP level 11. HP: 99/99 MP: 10/10
  9033 | Lair:1   | Reached XP level 12. HP: 106/106 MP: 11/11
  9149 | Lair:1   | Reached skill level 10 in Fighting
  9481 | Lair:1   | Received a gift from Trog
  9684 | Lair:1   | Found a transporter.
  9701 | Lair:1   | Found a bloodstained altar of Trog.
  9701 | Lair:1   | Noticed scisormetimb3rs's ghost (journeyman FoFi)
  9739 | Lair:1   | Identified the ring of Zurghukkebu {Fire SInv}
  9810 | Lair:1   | Killer bee vault with yak corpses in east.
  9885 | Lair:1   | Found a transporter.
 10136 | Lair:1   | Killed scisormetimb3rs's ghost
 10312 | Lair:2   | Found a transporter.
 10407 | Lair:2   | Found a transporter.
 10410 | Lair:2   | Found the +0 pair of fencer's gloves {Riposte Dex+3}
 10497 | Lair:2   | Found a broken altar of Ashenzari.
 11150 | D:3      | Bought a ring of protection from cold for 275 gold pieces
 11404 | Lair:2   | Identified the +4 battleaxe "Lifebane" {flame, *Slow rN++
                  | Str+4}
 11457 | Lair:3   | Found a staircase to the Shoals.
 11616 | Lair:3   | Reached XP level 13. HP: 119/119 MP: 12/12
 11642 | Lair:3   | You fall into a shaft and drop 2 floors!
 11642 | Lair:5   | Entered Level 5 of the Lair of Beasts
 11650 | Lair:4   | Lair:4 uphatch leads to yak jamboree (includes death yaks).
 11664 | Lair:4   | Reached skill level 1 in Stealth
 12025 | Lair:4   | Noticed Snorg
 12032 | Lair:4   | Killed Snorg
 12033 | Lair:4   | Reached skill level 10 in Dodging
 12703 | Lair:3   | Noticed Sonja
 12711 | Lair:3   | Killed Sonja
 12854 | Lair:3   | Found a staircase to the Snake Pit.
 13293 | Lair:5   | Reached skill level 1 in Throwing
 13382 | Lair:5   | Found a staircase to the Slime Pits.
 13401 | Lair:5   | Found a viscous altar of Jiyva.
 13409 | Lair:5   | Funny human skeletons. :)
 13531 | Lair:5   | Received a gift from Trog
 13850 | Lair:5   | Noticed a dire elephant
 13850 | Lair:5   | Noticed a dire elephant
 13851 | Lair:5   | Noticed a dire elephant
 13860 | Lair:5   | Noticed a dire elephant
 13867 | Lair:5   | Killed a dire elephant
 13880 | Lair:5   | Killed a dire elephant
 13881 | Lair:5   | Reached skill level 15 in Fighting
 13965 | Lair:5   | Reached XP level 14. HP: 121/135 MP: 13/13
 14051 | Lair:5   | PEARL DRAGON SCALES
 14195 | Lair:5   | lajatang of draining behind obsidian statue
 14484 | Snake:1  | Entered Level 1 of the Snake Pit
 14503 | Snake:1  | Reached skill level 15 in Maces & Flails
 14503 | Snake:1  | Found a runed translucent gate.
 14503 | Snake:1  | Found a runed translucent gate.
 14503 | Snake:1  | Found a runed translucent gate.
 14504 | Snake:1  | Found an opulent altar of Gozag.
 14505 | Snake:1  | Noticed SirLogeyBear's ghost (adept HOBe)
 15829 | Snake:2  | Reached skill level 5 in Throwing
 16041 | Snake:2  | Received a gift from Trog
 16091 | Snake:2  | Found Cuafaive's Armour Shop.
 16096 | Snake:2  | Bought a +0 kite shield for 54 gold pieces
 16150 | Snake:2  | +1 tower shield of fire resistance (rF+) on naga warrior in
                  | northwest.
 16685 | Snake:2  | Reached XP level 15. HP: 134/145 MP: 14/14
 16955 | Snake:3  | Identified the +5 short sword of the Pillar {flame, rN+}
 17002 | Snake:3  | Identified the +8 dagger of Slow Death {freeze, rElec rCorr
                  | Int+4}
 17203 | Snake:3  | Identified the +4 sling of Drought {speed, rC+ rCorr Dex-3
                  | Stlth+}
 17324 | Snake:3  | Reached skill level 10 in Shields
 17744 | Snake:3  | Identified the +0 robe "Wuiseikh" {rC- Int+6}
 18208 | Snake:4  | Entered Level 4 of the Snake Pit
 18689 | Snake:4  | Identified the +0 kite shield of Biumamo {Str+2 Slay+5}
 18689 | Snake:4  | Noticed Asterion
 18737 | Snake:4  | Noticed a nagaraja
 18765 | Snake:4  | Killed a nagaraja
 18765 | Snake:4  | Reached ****** piety under Trog
 19030 | Snake:4  | Noticed a nagaraja
 19048 | Snake:4  | Killed a nagaraja
 19055 | Snake:4  | Received a gift from Trog
 19160 | Snake:4  | Noticed Vashnia
 19212 | Snake:4  | Killed Vashnia
 19296 | Snake:4  | Noticed Bai Suzhen
 19503 | Snake:4  | Reached XP level 16. HP: 139/157 MP: 15/15
 19538 | Snake:4  | Phantom mirror in eastern lava snake and salamander vault.
 19885 | Snake:4  | This is the lava endvault, btw.
 19937 | Snake:4  | Received a gift from Trog
 20184 | Snake:4  | Reached skill level 15 in Shields
 20190 | Snake:4  | Immolation makes the rune chamber easy. :)
 20191 | Snake:4  | Got a serpentine rune of Zot
 20437 | Snake:4  | Killed Asterion
 20685 | Snake:4  | Killed Bai Suzhen
 20852 | Snake:1  | Killed SirLogeyBear's ghost
 20948 | Shoals:1 | Entered Level 1 of the Shoals
 21158 | Shoals:1 | water nymph vault
 21736 | Shoals:1 | Found a large runed translucent door.
 21736 | Shoals:1 | Found a large runed translucent door.
 21740 | Shoals:1 | Noticed Aral's ghost (adept MiBe)
 21742 | Shoals:1 | ring of flight in est
 21863 | Shoals:1 | Killed Aral's ghost
 21866 | Shoals:1 | Identified the +7 shortbow of Bapnajy {drain, rN+ Will+
                  | Dex-3}
 22107 | D:10     | Entered Level 10 of the Dungeon
 22157 | D:10     | Found a broken altar of Ashenzari.
 22194 | D:10     | Unseen horror at this Ashenzari vault.
 22227 | D:10     | Found a white marble altar of Elyvilon.
 22708 | D:10     | Received a gift from Trog
 23098 | D:11     | Reached XP level 17. HP: 168/168 MP: 16/16
 23099 | D:11     | Found a staircase to the Orcish Mines.
 23099 | D:11     | Noticed Josephine
 23109 | D:11     | Killed Josephine
 23133 | Orc:1    | Entered Level 1 of the Orcish Mines
 23237 | Orc:2    | Entered Level 2 of the Orcish Mines
 23272 | Orc:2    | Identified the +3 kite shield of Green Knowledge {Str+3
                  | Dex+4}
 23272 | Orc:2    | Noticed Donald
 23280 | Orc:2    | Killed Donald
 23326 | Orc:2    | Found a dark tunnel.
 23331 | Orc:2    | Volcano entrance in north.
 23340 | Volcano  | Entered a volcano
 23588 | Volcano  | Found a bloodstained altar of Trog.
 23599 | Volcano  | stone giant
 23780 | Orc:2    | Received a gift from Trog
 23805 | Orc:2    | Found Ugulex's Magic Scroll Shoppe.
 23805 | Orc:2    | Found Jokutups's Antique Armour Shop.
 23837 | Orc:2    | Bought a scroll of blinking for 112 gold pieces
 23837 | Orc:2    | Bought a scroll of torment for 142 gold pieces
 23837 | Orc:2    | Bought a scroll of teleportation for 45 gold pieces
 23837 | Orc:2    | Bought a scroll of immolation for 60 gold pieces
 23837 | Orc:2    | Bought a scroll of immolation for 60 gold pieces
 23872 | Orc:2    | Found Tuuq's Antique Armour Shoppe.
 23902 | Orc:2    | Found Bit Gul's Weapon Shop.
 24115 | Orc:2    | Found a staircase to the Elven Halls.
 24520 | Orc:1    | Received a gift from Trog
 25055 | D:11     | Found Rapn's Antique Armour Emporium.
 25078 | D:11     | Bought a fine leather armour for 231 gold pieces
 25078 | D:11     | Identified the +0 leather armour of Slovenliness {rCorr}
                  | (You bought it in a shop on level 11 of the Dungeon)
 25429 | D:12     | Found Daeta's Weapon Emporium.
 25868 | D:12     | Found a blossoming altar of Fedhas.
 25971 | D:13     | Found a gate to the Vaults.
 25981 | D:13     | Vaults entrance in west.
 25989 | D:13     | Found a flickering gateway to a bazaar.
 25994 | D:13     | Bazaar eastward of Vaults entrance.
 25995 | Bazaar   | Entered a bazaar
 25997 | Bazaar   | Found Gyukkaif's Book Boutique.
 26001 | Bazaar   | Found Zokketaa's General Store.
 26001 | Bazaar   | Found Peyrgh Zaosa's Weapon Boutique.
 26001 | Bazaar   | Found Hamm's Armour Boutique.
 26011 | Bazaar   | Bought the +7 captain's cutlass {speed, disarm} for 486
                  | gold pieces
 26011 | Bazaar   | Found the +7 captain's cutlass {speed, disarm}
 26016 | Bazaar   | Bought the +0 cloak of Good Intentions {Will+ Str-5 SInv}
                  | for 183 gold pieces
 26145 | D:13     | Noticed Erolcha
 26151 | D:13     | Killed Erolcha
 26173 | D:13     | Received a gift from Trog
 26237 | D:13     | Found a portal to a secret trove of treasure.
 26352 | D:13     | Found a runed translucent door.
 26353 | D:13     | Noticed Azazsd's ghost (journeyman DsFE)
 26361 | D:13     | Killed Azazsd's ghost
 26518 | Vaults:1 | Entered Level 1 of the Vaults
 27007 | Vaults:1 | Reached skill level 10 in Evocations
 27050 | Vaults:1 | Paralysed by a great orb of eyes for 2 turns
 27316 | Vaults:1 | Reached XP level 18. HP: 148/180 MP: 17/17
 28137 | Vaults:2 | Received a gift from Trog
 28231 | Vaults:2 | Noticed a lich
 28237 | Vaults:2 | Killed a lich
 28264 | Vaults:2 | Noticed a lich
 28269 | Vaults:2 | Killed a lich
 28789 | Vaults:2 | Received a gift from Trog
 28850 | Vaults:2 | Found a staircase to the Crypt.
 29418 | Vaults:3 | Reached XP level 19. HP: 177/191 MP: 18/18
 29534 | Vaults:3 | Found a manual of shields at one point on this floor or
                  | previous one.
 30346 | Vaults:3 | Received a gift from Trog
 30436 | Vaults:3 | Noticed Mara
 30444 | Vaults:3 | Killed Mara
 30964 | D:14     | Found a radiant altar of Vehumet.
 31335 | D:15     | Entered Level 15 of the Dungeon
 31350 | D:15     | Found a transporter.
 31416 | D:15     | Found a staircase to the Depths.
 31442 | D:15     | fire dragons guard Depths entrance
 31449 | Depths:1 | Entered Level 1 of the Depths
 31449 | Depths:1 | Found a stormy altar of Qazlal.
 31866 | Depths:1 | Found Gaesont's Weapon Boutique.
 32125 | Depths:1 | Received a gift from Trog
 32375 | Depths:1 | Found a gateway to Hell.
 32650 | Depths:2 | Found a one-way gateway to a ziggurat.
 32872 | Depths:2 | Reached XP level 20. HP: 204/204 MP: 19/19
 33086 | Depths:2 | Noticed Grunn
 33142 | Depths:2 | Noticed a doom hound
 33502 | Depths:2 | Reached skill level 15 in Dodging
 33530 | Depths:2 | Noticed a caustic shrike
 33760 | Depths:2 | Found a one-way gate leading to the halls of Pandemonium.
 33950 | Depths:2 | Received a gift from Trog
 34760 | Shoals:2 | Downhatch on Shoals:1 leads to northeastern tip of
                  | Shoals:2, nearby other stairs from first floor.
 34801 | Shoals:2 | Reached skill level 10 in Armour
 35879 | Shoals:3 | Found Arutuc's Weapon Shop.
 36030 | Shoals:3 | lightning rod
 36172 | Shoals:4 | Entered Level 4 of the Shoals
 36172 | Shoals:4 | Found a shimmering blue altar of Sif Muna.
 36213 | Shoals:4 | Received a gift from Trog
 36265 | Shoals:4 | Paralysed by an air elemental for 1 turns
 36432 | Shoals:4 | Paralysed by an air elemental for 1 turns
 36640 | Shoals:4 | Identified the amulet "Rataps" {Spirit Harm rC- rN+ SInv}
 36644 | Shoals:4 | Paralysed by a floating eye for 3 turns
 36648 | Shoals:4 | Reached XP level 21. HP: 215/215 MP: 20/20
 36804 | Shoals:4 | Paralysed by an air elemental for 1 turns
 36810 | Shoals:4 | Identified the +9 dagger of Patience {drain, Drain rCorr
                  | Str+4 Dex+4}
 37121 | Shoals:4 | Got a barnacled rune of Zot
 37486 | Slime:1  | Entered Level 1 of the Pits of Slime
 37692 | Slime:1  | Received a gift from Trog
 38212 | Slime:3  | Gained mutation: You are somewhat resistant to further
                  | mutation. [a shining eye]
 38235 | Slime:3  | Received a gift from Trog
 39163 | Slime:5  | Entered Level 5 of the Pits of Slime
 39391 | Slime:5  | Found a viscous altar of Jiyva.
 39690 | Slime:5  | Noticed the Royal Jelly
 39713 | Slime:5  | Killed the Royal Jelly
 39824 | Slime:5  | masterwork demon blade
 39824 | Slime:5  | Identified the +6 demon blade "Xobi" {antimagic, rElec
                  | Str+3 Int+5 Dex-4}
 39832 | Slime:5  | Identified a scroll of acquirement
 39854 | Slime:5  | Acquired the ring "Geodem" {Drain rF+ Will+ Int+2 SInv}
 39869 | Slime:5  | Identified the ring of the Rescuing Pariah {rElec rCorr
                  | Int+6}
 39888 | Slime:5  | Identified the +8 sling of Abomination {elec, rF+ Dex+3}
 39902 | Slime:5  | Identified the +4 falchion "Glorpo" {freeze, rN++}
 39907 | Slime:5  | Identified the +3 flail "Toeff" {flame, Drain Str+3 Dex+2}
 39909 | Slime:5  | Identified the +7 shortbow of Ycoll {freeze, rC+ Int+2}
 39912 | Slime:5  | Identified the +1 short sword of Honour {flame, *Noise
                  | Int+6}
 39951 | Slime:5  | Got a slimy rune of Zot
 40634 | Vaults:4 | Received a gift from Trog
 40745 | Vaults:4 | Reached XP level 22. HP: 228/228 MP: 21/21
 40953 | Vaults:4 | Found Apreamink's Weapon Boutique.
 40996 | Vaults:4 | Received a gift from Trog
 41318 | Vaults:5 | Entered Level 5 of the Vaults
 41325 | Vaults:5 | Reached skill level 15 in Evocations
 41337 | Vaults:5 | Received a gift from Trog
 41352 | Vaults:5 | Noticed a dread lich
 41361 | Vaults:5 | Killed a dread lich
 41371 | Vaults:5 | FINALLY FOUND RPOIS RING
 41398 | Vaults:5 | Found Qyuthr Qarys's Armour Boutique.
 41588 | Vaults:5 | Noticed Margery
 41597 | Vaults:5 | Killed Margery
 41651 | Vaults:5 | Received a gift from Trog
 41999 | Vaults:5 | Found Zivol's Jewellery Shoppe.
 42007 | Vaults:5 | Bought the ring "Vethuine" {rPois rF+ rCorr Dex+4} for 903
                  | gold pieces
 42014 | Vaults:5 | This seed really wants you to go to slime pit.
 42098 | Vaults:5 | Got a silver rune of Zot
 42099 | Vaults:5 | silver rune in northwest quadrant
 42302 | Vaults:5 | Reached XP level 23. HP: 236/236 MP: 22/22
 42424 | Vaults:5 | Found Asut's Magic Scroll Boutique.
 42432 | Vaults:5 | Bought a scroll of teleportation for 42 gold pieces
 42432 | Vaults:5 | Bought a scroll of butterflies for 56 gold pieces
 42432 | Vaults:5 | Bought a scroll of enchant armour for 105 gold pieces
 42432 | Vaults:5 | Bought a scroll of magic mapping for 105 gold pieces
 42476 | Vaults:5 | Found Zefaus's Distillery.
 42481 | Vaults:5 | Bought a potion of curing for 42 gold pieces
 42481 | Vaults:5 | Bought a potion of curing for 42 gold pieces
 42481 | Vaults:5 | Bought a potion of might for 56 gold pieces
 42782 | D:15     | Found a transporter.
 42801 | D:15     | Noticed Gipsust's ghost (adept DECj)
 42838 | D:15     | Killed Gipsust's ghost
 42856 | D:15     | +2 cloak of poison resistance
 43019 | D:15     | Found a basalt altar of Yredelemnul.
 43355 | Depths:2 | Killed a caustic shrike
 43356 | Depths:2 | ZERO DAMAGE CAUSTIC SHRIKE FIGHT
 43367 | Depths:2 | Received a gift from Trog
 43374 | Depths:2 | Found a runed translucent door.
 43427 | Depths:2 | Identified the +1 cloak of Heshep {Fly Str+7 Dex-3}
 43471 | Depths:2 | Found a burning altar of Makhleb.
 43693 | Depths:3 | Noticed Jory
 43709 | Depths:3 | Killed Jory
 44061 | Depths:3 | Found a one-way gate to the infinite horrors of the Abyss.
 44070 | Depths:3 | Fun kobold lava path to Abyss gate.
 44369 | Depths:3 | Ossuary vault?
 44481 | Depths:3 | Noticed a royal mummy
 44492 | Depths:3 | Killed a royal mummy
 44762 | Depths:3 | Found Ituowadd's One-of-a-Kind Rings.
 44906 | Depths:4 | Entered Level 4 of the Depths
 45092 | Depths:4 | Received a gift from Trog
 45142 | Depths:4 | +1 heavy mace from Trog. Trog knows how I like weapons like
                  | my women- heavy.
 45159 | Depths:4 | Found a gate to the Realm of Zot.
 45513 | Depths:4 | Noticed a juggernaut
 45526 | Depths:4 | Killed a juggernaut
 45531 | Depths:4 | Noticed a juggernaut
 45536 | Depths:4 | >The juggernaut hits you but does no damage.
 45536 | Depths:4 | JUGGIE NUGGIE
 45545 | Depths:4 | Killed a juggernaut
 45654 | Depths:4 | Reached XP level 24. HP: 244/245 MP: 22/22
 45726 | Depths:4 | Identified the staff of poison "Emega" {rPois Will+ Stlth+}
 45965 | Zot:1    | Entered Level 1 of the Realm of Zot
 45966 | Zot:1    | Fire draconian jamboree!
 45975 | Zot:1    | Noticed a juggernaut
 45983 | Zot:1    | Killed a juggernaut
 45994 | Zot:1    | Lots of tentacled monstrosities here too.
 46032 | Zot:1    | purple draconians to the east of Zot entrance
 46061 | Zot:1    | Reached skill level 27 in Shields
 46944 | Zot:1    | Identified the +4 plate armour "Noleirphe" {Slay+3}
 47219 | Zot:1    | Received a gift from Trog
 47896 | Zot:2    | Found the +4 dragonskin cloak
 47896 | Zot:2    | Noticed Tiamat
 48221 | Crypt:1  | Entered Level 1 of the Crypt
 48755 | Crypt:1  | Received a gift from Trog
 49606 | Crypt:2  | Noticed Boris
 49632 | Crypt:2  | Killed Boris
 50048 | Crypt:2  | Noticed Saint Roka
 50070 | Crypt:2  | Killed Saint Roka
 50071 | Crypt:2  | Reached XP level 25. HP: 198/253 MP: 22/22
 50315 | Crypt:2  | Noticed Zenata
 50322 | Crypt:2  | Killed Zenata
 50632 | Crypt:3  | Entered Level 3 of the Crypt
 50794 | Crypt:3  | Found a staircase to the Tomb.
 50953 | Crypt:2  | Found an ancient bone altar of Kikubaaqudgha.
 50956 | Crypt:2  | Vault accessible by only one upstairs on third floor.
 51169 | Crypt:3  | Skeleton end fortress!
 51279 | Crypt:3  | Found a basalt altar of Yredelemnul.
 51301 | Crypt:3  | Noticed an ancient lich
 51309 | Crypt:3  | Killed an ancient lich
 51309 | Crypt:3  | Received a gift from Trog
 51339 | Crypt:3  | Identified the +6 hand axe of Bodily Harmony {elec, Fragile
                  | rC+ rN+ Str+4}
 51340 | Crypt:3  | Identified the amulet "Ucoes" {rN+ Regen+ SInv Stlth+}
 51340 | Crypt:3  | Identified the ring of Divi {rF+++ rN+ Str+5 Int-3 Stlth+}
 51340 | Crypt:3  | Identified the ring of Cienaun {rC+ rN+ Slay+6}
 51385 | Crypt:3  | Identified the +9 long sword "Itunycer" {antimagic, rN+
                  | Int+5}
 52343 | Zot:2    | Fire fortress in center. Tiamat spawns around here.
 52343 | Zot:2    | Actually, north of fire vault.
 52373 | Zot:2    | Reached skill level 10 in Throwing
 52657 | Zot:2    | Identified the +1 ring mail of the Catamount {Rampage *Slow
                  | rElec Regen+}
 53102 | Zot:2    | Killed Tiamat
 53107 | Zot:2    | Received a gift from Trog
 53460 | Zot:3    | Reached skill level 27 in Maces & Flails
 53768 | Zot:3    | Reached XP level 26. HP: 261/261 MP: 22/22
 54054 | Zot:3    | Found a transporter.
 54290 | Zot:4    | One-shot a golden dragon. B)
 54368 | Zot:4    | Identified the +5 demon whip of Zufut {heavy, Str+4} (Trog
                  | gifted it to you on level 4 of the Realm of Zot)
 54368 | Zot:4    | Received a gift from Trog
 54436 | Zot:4    | Acquired a manual of Stealth
 54543 | Zot:4    | Acquirement scroll is in north btw.
 54649 | Zot:3    | Zot:4 uphatch kinda viable for orbrun.
 55439 | Zot:5    | Entered Level 5 of the Realm of Zot
 55469 | Zot:4    | Zot:5 uphatch good for orbrun.
 55736 | Zot:5    | enemies in northern half include storm dragon, golden
                  | dragon death cobs, tentacled monstrosity
 55742 | Zot:5    | moth of wrath with orb guardians in lower half immediately
 55793 | Zot:5    | Noticed a dread lich
 55804 | Zot:5    | Killed a dread lich
 55815 | Zot:5    | Reached skill level 27 in Fighting
 55824 | Zot:5    | Noticed an ancient lich
 55836 | Zot:5    | Killed an ancient lich
 55836 | Zot:5    | Received a gift from Trog
 56004 | Zot:5    | Reached skill level 5 in Stealth
 56009 | Zot:5    | Noticed an orb of fire
 56018 | Zot:5    | Killed an orb of fire
 56029 | Zot:5    | Noticed an orb of fire
 56038 | Zot:5    | Noticed an ancient lich
 56042 | Zot:5    | Killed an orb of fire
 56044 | Zot:5    | Reached skill level 15 in Throwing
 56049 | Zot:5    | Killed an ancient lich
 56128 | Zot:5    | Reached XP level 27. HP: 254/273 MP: 22/22
 56158 | Zot:5    | Noticed an ancient lich
 56171 | Zot:5    | Killed an ancient lich
 56171 | Zot:5    | Noticed an orb of fire
 56171 | Zot:5    | Noticed a dread lich
 56179 | Zot:5    | Noticed an orb of fire
 56180 | Zot:5    | Gained mutation: Your body sometimes deteriorates upon
                  | taking damage. [an orb of fire]
 56182 | Zot:5    | Noticed a dread lich
 56182 | Zot:5    | Killed an orb of fire
 56190 | Zot:5    | Killed an orb of fire
 56194 | Zot:5    | Paralysed by a dread lich for 2 turns
 56209 | Zot:5    | Killed a dread lich
 56213 | Zot:5    | Killed a dread lich
 56685 | Zot:5    | Got the Orb of Zot
 57098 | Zot:5    | Noticed Boris
 57104 | Zot:5    | Killed Boris
 58026 | Zot:5    | Reached skill level 10 in Stealth
 58135 | Zot:5    | TOENAIL GOLEM I LOVE YOU
 58230 | Zot:5    | Received a gift from Trog
 58240 | Zot:5    | Noticed a seraph
 58261 | Zot:4    | Noticed Puehuo the pandemonium lord
 58266 | Zot:4    | Noticed a seraph
 58269 | Zot:4    | Killed Puehuo the pandemonium lord
 58270 | Zot:4    | Identified the +8 tower shield "Hinuamne" {Harm Will++
                  | Int+4}
 58274 | Zot:4    | Killed a seraph
 58306 | Zot:4    | I LOVE TOENAIL GOLEMS
 58535 | Zot:4    | Noticed Ismunuiro the pandemonium lord
 58543 | Zot:4    | Killed Ismunuiro the pandemonium lord
 58613 | Zot:4    | Noticed Qaoth the pandemonium lord
 58749 | Zot:1    | Noticed Femom the pandemonium lord
 58766 | Zot:1    | Killed Femom the pandemonium lord
 59205 | Zot:1    | Noticed Boris
 59211 | Zot:1    | Killed Boris
 59267 | Zot:1    | Noticed Okkaulom the pandemonium lord
 59305 | Zot:1    | Killed Okkaulom the pandemonium lord
 59446 | Zot:1    | Noticed Ikhemiog the pandemonium lord
 59457 | Zot:1    | Killed Ikhemiog the pandemonium lord
 59761 | Zot:1    | Noticed Ceip the pandemonium lord
 59767 | Zot:1    | Killed Ceip the pandemonium lord
 59768 | Zot:1    | "Extremely dangerous" panlord with awful evasion.
 59955 | Zot:1    | Noticed Urru the pandemonium lord
 59969 | Abyss:5  | Cast into level 5 of the Abyss (Urru)
 59991 | Abyss:5  | Found a corrupted altar of Lugonu.
 60012 | Abyss:5  | Received a gift from Trog
 60031 | Abyss:5  | Got an abyssal rune of Zot
 60481 | Abyss:5  | Paralysed by accursed screaming for 2 turns
 60755 | Zot:1    | Escaped the Abyss
 60773 | Depths:4 | Killed Urru the pandemonium lord
 60813 | Depths:3 | I LOVE YOU TOENAIL GOLEM
 61145 | Orc:2    | Received a gift from Trog
 61241 | Orc:2    | Noticed Luoguer the pandemonium lord
 61252 | Orc:2    | Killed Luoguer the pandemonium lord
 61266 | Orc:2    | Noticed Foas the pandemonium lord
 61282 | Orc:2    | Killed Foas the pandemonium lord
 61299 | Orc:2    | Noticed Seylog the pandemonium lord
 61308 | Orc:2    | Killed Seylog the pandemonium lord
 61392 | Orc:2    | Noticed Nudazeto the pandemonium lord
 61406 | Orc:2    | Killed Nudazeto the pandemonium lord
 61865 | Orc:2    | Noticed Ibeolom the pandemonium lord
 61874 | Orc:2    | Killed Ibeolom the pandemonium lord
 61993 | Orc:2    | Noticed a seraph
 62082 | Orc:1    | Noticed Jeunt the pandemonium lord
 62098 | D:11     | Killed Jeunt the pandemonium lord
 62200 | D:9      | Noticed Xageul the pandemonium lord
 62220 | D:9      | Killed Xageul the pandemonium lord
 62450 | Lair:1   | Noticed Ufopsom the pandemonium lord
 62460 | Lair:1   | Noticed Jyga the pandemonium lord
 62947 | Lair:1   | Noticed Kuutiem the pandemonium lord
 62996 | Lair:1   | Noticed a seraph
 63010 | Lair:1   | Killed a seraph
 63190 | D:6      | Noticed Boris
 63193 | D:6      | Killed Boris
 63420 | D:6      | Finished exploring D:6.
 63550 | Temple   | Noticed Fomes the pandemonium lord
 63579 | D:6      | Killed Fomes the pandemonium lord
 63605 | D:6      | Noticed a seraph
 63621 | D:5      | I LOVE TOENAIL GOLEM
 63674 | D:5      | Gained mutation: You occasionally shout uncontrollably at
                  | your foes. [a cacodemon]
 63677 | D:5      | Gained mutation: You have an increased reservoir of magic.
                  | (+10% MP) [a cacodemon]
 63684 | D:5      | Noticed Notoytt the pandemonium lord
 63708 | D:5      | Killed Notoytt the pandemonium lord
 63817 | D:5      | Noticed Affeyr the pandemonium lord
 64202 | D:4      | Noticed Gouddet the pandemonium lord
 64310 | D:1      | Noticed Seguguoz the pandemonium lord
 64329 | D:1      | Killed Seguguoz the pandemonium lord
 64338 | D:$      | Escaped with the Orb!

Illustrated notes ########## ##########...##...## #...##........)....## ..............).....# ....>...........@...# ......†.............# ...................## ###.###########...## #.############### ...........##.. ........ ...##..# .######.###..##...######## .#........#..##.#........# Turn 382 on D:1: boots in north #.......# #. #.......###. ##.....##.. #.......#.# #.......#.# #....>..†.# ##.....#..### ##...###.).##### ##### ###@....# ##..##$#### #...#...... ###...#...# ##...###..## ......#....# ......#...## ......#....######. ....)...<.∩....... Turn 1349 on D:3: +2 leather armor of poison resistance (rPois) on Ijyb ####.......#...##.)..........##.. # ##......#...##.......#........ ### ###............####.##....... ..## ############## ##....##... ...## ###..##... ....# ######## ###...... ....# ##.#..#.### ### ##........ ....###......#..##...# #..###(... ...##.......####@+g..# #....#.... ....#.#..#.## ###..)# #.##...#.. ....#.###### ### #..#####.. .>....# ##........ ...#..### #######..# ..###.).##### ### #####..# ##.# ### ###[....# #.###..###.### #.# ##..##.####.##..## #...# #.# ###...#.......##.## ###.###.# Turn 1968 on D:3: > Crazy Yiuf says, "I'm not crazy!" #.......#...##.)..........##..... ##......#...##.......#........... ###............####.##.......[.. # ############## ##....##...... ## ###..##...... .# ######## ###........# .# ##.#..#.######## ##.........## .###......#..##...# #..###(...##. ##.......####.).@.# #....#....#⌠. .#.#..#.## ###..)# #.##...#..##. .#.###### ##### #..#####...## ...# ##..........# #..### #######..#... ##.).##### ### #####..# ##.##.. ###[....# #.###..###.### #.##.. ##..##.####.##..## #...# #.##.. ###...#.......##.## ###.###.##.. Turn 1985 on D:3: +2 cloak of preservation on Uncle Yiff .... #......... #......... ........ #....# ##+####....####### #................# #................# #..........@.....# ...####'##########+## ................# ................# ................# ................# ................#### #+##########........ #.......#........ Turn 3920 on D:5: +4 scale mail

.............#.....#.....#.......
.............#.....#.....#.......
.............#.....'.....#.......
.[...........#.....#.....#.......
.............#.....#.....#.......
'###...##.####...####..####.#####
..##...##.####'############.#....
..#.......#.............+...#....
..#.......#.....@.......#...'....
..#.......#.............#...#....
..#.......#.............#...#....
..#.......#.............#...#....
..'.......#.............#...#....
..#.......#.............#...#....
..#####...###....###...###+##....
#.....##+####....#######.....####
#.....#................#.....#


Turn 4768 on D:5: This game has been quite generous on rCorr, aside from it
being on a ring. ....#### ####.... .......### ###....... .........## ##.........
..........# #.......... ###.......## ##.......### ######.....## ##.....###### .#
###....#########....### #. .# ##.....##'##.....## #. .#
#####.......@.......##### #. ## ##...##....⌠...⌠....##...## ## #
#.....#.............#.....# # #.._..'......<......'.._..# #
#.....#.............#.....# # ## ##...##....⌠...⌠....##...## ## .#
#####...............##### #. .# ##.....##'##.....## #. .#
###....#########....### #. Turn 5235 on Temple: Temple: the two prongs
##.......##........#.#.####.# #.......##.≈≈≈≈≈≈.#.#...##.####
#...###..≈≈≈≈≈≈≈≈≈≈≈#.#.##..... #.<. ###≈≈≈≈≈..≈≈≈≈≈≈...#######
#...##≈≈≈≈≈≈.####.≈≈≈≈. # #. #≈≈≈≈≈≈≈.#..##.≈≈≈≈. ≈≈≈≈≈≈≈≈)#..# .≈≈≈.
≈≈≈≈≈≈≈))#>## ..≈≈≈## ≈≈≈≈≈≈≈.)#@# ..≈ ≈≈≈≈≈≈≈.)#'#...≈≈ ≈≈≈≈≈≈≈........≈≈≈
≈≈≈≈≈≈≈≈......≈≈≈≈ ≈≈≈≈≈≈≈≈≈≈..≈≈≈≈≈≈ ≈≈≈≈≈≈≈≈≈≈≈≈≈≈≈≈≈≈ /≈≈≈≈≈≈≈≈≈≈≈≈≈≈≈##
..##≈≈≈≈≈≈≈≈#### ## ##≈≈≈≈#### Turn 5652 on D:6: 7 stones inside centaur island.
#.# #.# #.# #.# #.# #.# #.# #@# #.# #####.# #.....# #.....# #.....# #.....#
#.....#### #.....'..# Turn 7649 on D:8: +2 pair of boots in western hallway i#
###.†# #††## . ##†.# #.. ###..## #####.....# .......†.### #.###.........†#†#
#.##......#.#....# ..........##..##@# ..........###.##...††# ...#
..#P.###.##†.!.!# ...# #.#.......#.!.!.# ...# #.........#.†...#
...###.........#..††!# ...............####### ...###...........#
....#..#†........# Turn 9810 on Lair:1: Killer bee vault with yak corpses in
east. #.......# ........## . ##.Y....... ..###..Y...Y.## .............
#..Y.Y...Y.. #...Y.Y..Y.. #...@...Y... #....Y...... #.#..P...... # ####$....P
.....# .<...# ....# ....# Turn 11650 on Lair:4: Lair:4 uphatch leads to yak
jamboree (includes death yaks). ..P.................. .....PP.................
#.#.......##.....P.P..#. ..P.P....#####.####....# ......#..P####.#.#.#...#
...........#......#....# ................P##..... .......PP.............##
...._.P@÷P.>....####.< . #......PP...^...# ## ...............## #
..........#.##.# . ................. .................. ...................
#P...##.....#....#. ##.. ##.###.. Turn 13409 on Lair:5: Funny human skeletons.
:) ....†)).......................... ....†......................†.....
..............♣..........†....... ##♣.......♣########'''########♣..
##♣...P###.................###. #♣♣♣##.)P#####8.⌠.8#####.. ## ####.###..###8.8##
####.†..#....8###### #+#....####....@#8YY.8# ♣#...####..#....:#$$...+
...#.#.....'....8#|!...+ .8.........##...##8P..8# ..############### 8#♣ ## Turn
14051 on Lair:5: PEARL DRAGON SCALES .........................P#
........................### #♣......P♣####♣##........# ###...P♣#######
##.......# ..###♣♣# .....8 ##.....P# #.#### ..Yp #.....P# #P...####
Y8####.....## ####P..P#+# #####......# ####.#.# ##@##......# #P..# ##'###P....#
#..8# ♣♣.♣#####.## # #''####♣♣..P# ### #...#..#..#....## #P.........♣P#
##.....P.P♣♣## ###..###♣♣ #### Turn 14195 on Lair:5: lajatang of draining behind
obsidian statue #.#....##.. .... #....##..###....# #.....#.........
#............. #..N..†....... #N.#.......... ###### ##N##..........
#....###...##........# #......@###........### ###......## .##...#.# #.........#
##.###.# ###.......## ## . #[∩......# #.......## ##....### ##....# ##.###....
Turn 16150 on Snake:2: +1 tower shield of fire resistance (rF+) on naga warrior
in northwest. ..#### ## .. #....##. ...#...... ≈≈#≈≈...#### #. ≈≈≈≈≈≈....### #.#
#§§≈≈≈≈..... ###.. ###§§≈≈≈≈..# ....§§ ###@#....≈≈≈.## #.§§≈ #...#....≈§≈..#
#.§≈§##.))#.....≈≈≈.# #.≈§§#...##.....≈≈≈.# ###≈#'####'#'####≈###
#.§≈≈.....##.≈≈≈≈§≈.# #§≈≈≈.....#...≈≈≈≈§.# #..≈≈≈....#≈.).≈≈≈..#
##.≈≈§....#§≈...≈≈.## Turn 19538 on Snake:4: Phantom mirror in eastern lava
snake and salamander vault. ##...# ..... .N.N ### .NN # ###.# N. ###...##### .##
.......)).# #'## ## ........#'#####+@.# #. ###.....#..≈§≈#...## ##.
..##....#.)≈§≈##...## ##.. ...#....##.§§≈≈##...### ###...
...#.....##..≈≈§##....######....# ..##......##..≈§§##............##
...#.......##..§≈§##..........##≈ ...'........##..§≈≈###......###§§
..##.........##.)§≈≈≈########§≈§. Turn 19885 on Snake:4: This is the lava
endvault, btw. ###....### #........## ..≈≈§§≈≈..## §§≈≈≈≈≈≈§..# #####
§≈≈≈≈≈≈≈≈≈.####...## ≈§§≈≈§≈§≈§§.##§§§..## §§≈≈≈≈≈≈§§§§§§°§☼...#
§≈§≈≈§≈§§≈§○☼○§°§...# ≈§≈≈≈≈§§≈§○§§§○°@...# §≈≈≈≈§§≈≈≈§.##§....##
§≈§≈§≈≈≈≈§..###...## ≈§≈≈≈§≈≈≈≈.########### .§≈≈≈§≈≈...#..)'§§...#
.§≈§≈≈≈≈..##...#≈....# #.§......##.))##≈≈...# ..## ###....###...##≈≈≈..## ..
#... ..######....##§≈≈..## ...#... Turn 20190 on Snake:4: Immolation makes the
rune chamber easy. :) ≈≈≈≈≈~~~~.......~.~~ ≈≈≈≈≈≈≈~~~.....~~~~ ~..
≈≈≈≈~~~~........~# ##~~. ≈≈≈≈~~~..#......~#~~~~~~ ≈≈≈≈~~.###.......#~?~~~~
≈≈≈≈~~.# #.......#~m~~~~ ≈≈≈≈~~.###.......$.~~~~~ ≈≈≈≈~~~..........~~~~~m~
≈≈≈~~~~~.....^..@.m~~~~~ ≈≈≈~~~~~~........#~m~~l. ≈≈≈~~~~~~†~......# ~~$..
≈≈≈≈≈~~~~~~~.....# ~... ≈≈≈≈≈≈≈~~~≈~≈≈...# ... ≈≈≈≈≈≈≈≈≈≈≈≈~≈....... ..
≈≈≈≈≈≈≈≈≈≈≈≈~~....... . ≈≈≈≈≈≈≈≈~~~≈~~........ ≈≈≈≈≈≈≈≈~~~~~~........ Turn 21158
on Shoals:1: water nymph vault .~~.P~~≈≈≈~~~≈≈≈≈≈≈≈≈≈≈≈≈≈≈≈≈≈≈≈≈
~.~~~.~≈≈≈~~~~≈≈≈≈≈≈≈≈≈≈≈≈≈≈≈≈≈≈≈ ~..~~~~≈≈≈≈~~~~~~~~≈≈≈≈≈≈≈≈≈≈≈≈≈≈
.P~≈≈≈≈≈≈≈~~.....~~~≈≈≈≈≈≈≈≈≈≈≈≈≈ ~~≈~~≈≈≈≈≈~........~~≈≈≈≈≈≈≈≈≈≈≈≈
~P~P.≈≈≈≈≈~........~~≈≈≈≈≈≈≈≈≈≈≈≈ ~P≈~~~≈≈≈≈..........~≈≈≈
~~≈≈≈≈≈≈≈~..........~~≈≈ ~~PP≈≈≈~~~......@...~~≈≈ ~~P~≈~~~~~...........~~≈
≈~~≈≈)~.~............~~≈ ≈≈~~~)~~~.####++####.~~~ ≈≈)~~~~~~.#.≈....)# .~~≈
~..###.~~~##..#W8≈≈ ~~≈ P.####.~~~##≈|..≈#.# ~ ~......~~~#≈#≈[$~.## ~~~~..~~~~#
Turn 21742 on Shoals:1: ring of flight in est #......#...# .. ###....#...#.....
#.###.....#.#.# #..#⌠).#+##.⌠.. ....#.........# #.## ##.......##### # #.
#.......#...#..# +..._...+......# #...@.......# #.......##### #.........#
#⌠.##+##.⌠# ### #### Turn 22194 on D:10: Unseen horror at this Ashenzari vault.
### ####### ##.# ##.....## #... #.......#### #... #...#...##.#####...
**##≈.≈##...#....#.... ** **,#≈≈.§≈#...#......... ,**** *,,#≈≈§≈§#...#........#
,,*,** **,#≈≈@§§#...#......... ,,,,,* **,###∩###...#..#...... ,,,,**
*,,**####...##.#...##.. ,,,,,* **,.#####.)##......$#.. ,,,,******
*,..................#. ,,,,,*,*,***,....#$.(.$.......#..
,,,,,,,,,,,,<...,#............... ,,,,,,,*,,,,,.....#..............
,,,,,****,,,,.................... Turn 23331 on Orc:2: Volcano entrance in
north. §§§≈§≈≈≈≈≈≈.≈§≈§≈§≈§§§§§○§○§§§§§§ ≈≈≈≈§≈§≈......§...§........≈≈≈≈≈≈
≈§§≈§§≈.########'########.≈≈≈≈≈≈≈ ≈≈≈§§≈≈.# #.# #.≈§≈≈≈≈§ §≈≈≈≈§≈.# #.#
#.≈≈≈≈≈≈≈ ≈≈≈≈≈≈≈.# #.# #.§≈§≈≈§§ ≈≈≈≈§≈≈.# #.# #.§§≈≈≈≈≈ ≈≈≈≈§≈§.######.#.#
#####§≈§§≈≈≈§ §§≈≈≈≈≈.#......#@# .....#.≈≈§≈≈§§ ≈≈≈≈≈≈§§###++###)#
#++###.≈§≈≈≈≈§ ≈§≈≈§≈≈.# ..C #§§≈≈§≈≈≈ §≈≈≈≈≈≈.# .8_8. #§≈§§≈§≈§ §§≈≈≈≈≈.#
+.....' #§.≈≈≈≈≈≈ ≈≈≈≈§≈≈.#################§§§≈≈≈≈≈
§≈§≈≈≈≈≈§............§....≈§≈≈≈≈≈ ≈≈≈≈§§≈§≈≈≈≈≈≈≈.≈.≈≈.§§≈≈≈§≈§§§§≈
≈≈§≈≈§§≈§≈≈§§≈≈§≈≈.≈≈§§§≈≈§≈§§§≈≈ Turn 23599 on Volcano: stone giant
#####...#****,,,,,,,,,,, #...#...#,+,*,,,,,,,,,,, #...#...#,*,*,,,,,,,,,,*
#...#...#,*,*,,,,,,,,,** #.∩)'...#,*,,,,,,,,,,,,* #...#...#+***,,,,,,,,,,,
#...#)..#,,,*,,***,,,,,, #...#...+,,,*,**,**,^,,, #####..@####*,*,,,*,,,,,
#...........#,∩,*,,,,, ##<.........#,,,*,,,,, ##.........#*,**,,,,,
##.^.).....*+*,,,,,, ##........,,,,,,,,, ##..#####,,,,,,,,* *#.#,~,*,,,,,,,**
*##,~,*,,,,,,,,* Turn 25981 on D:13: Vaults entrance in west.
#...#...#,+,*,,,,,,,,,,,,,,,,,,,, #...#...#,*,*,,,,,,,,,,*,,,,,,,,,
#...#...#,*,*,,,,,,,,,***,,,,,,,, #.∩)'...#,*,.....,,,,,,*,,,,,,,,,
#...#...#+**#...,,,,,,,,,,,,,,,,, #...#)..#,,,#..###,,,,,,,,,,,,,,,
#...#...+,,,#.##.##,^,,,,,,,,,,,, #####...#####.#...#,,,,,,,,,,,,,,
#...........#.@.#,,,,,,,,,,,>,, ##<.........#...#,,,.,,,,,,,,,,
##.........##.##,...,,,,,,,,,, ##.^.).....#'#.....,,,,,,,,,,
##.................,,,,,,,,, ##..#####........#,,,,,,,,,
##.#,~,#.......##*,,,,,,,, ###,~,#........#,,,,,,,,, *,~,#.........,,,,,,,,,
Turn 25994 on D:13: Bazaar eastward of Vaults entrance. ####....#.... #....#....
##########....#.... #..#..#..#....##### #..#..#..#....# #. #........#....# #.
###.##.###....# #. #..).....#....# #. #.@#..#..#....# #. #..#..#..#....# #.
.#####+########....####' ........)................ .........................
######################### Turn 29534 on Vaults:3: Found a manual of shields at
one point on this floor or previous one. ...©........### ..............#
####..####.##.# #.. #.##<#### #.#######.....#### ###.....##.......#
#####.......###...#.# ##....[#####.>##...# ##...##[@.....###..##.#
##.)8.###.....####.....# #....).########.......## #.).#).......##.###.#.#
#..###.......##.# ...# #...[##......##.# ...# #.##.##.#######.##....# #.##.##.#
#####.......# #.......# #.....##.#### Turn 31442 on D:15: fire dragons guard
Depths entrance ≈≈≈≈≈≈≈≈≈≈≈≈≈≈≈≈≈≈≈≈≈≈# ≈≈≈≈≈≈≈≈≈≈≈≈~~~~~≈≈≈≈≈#
≈≈≈≈≈≈≈≈≈≈≈~~~~~~~≈≈≈≈# ≈≈≈≈≈≈≈~~~~~~.~~~~~≈≈≈# ≈≈≈≈≈≈~~~~~~...~~~~≈≈≈#
≈≈≈≈≈≈~~~~~~.~...~~~≈≈# ≈~~~~~~~..........~~≈≈# ~~~~~~~~~.........~≈≈≈#
~~~~~~~~...~~~..@~~≈≈≈# ~~.~~~..........~~≈≈≈≈# ~...~..##........~~≈≈≈#
~......##..<....~~~≈≈≈# .......##....~~~≈≈≈≈≈≈# ..#......~~..~~≈≈≈≈≈≈≈#
..#.........~~~≈≈≈≈≈≈≈# ........[~..~~~≈≈≈≈≈≈≈# .....##..~~.~~~~≈≈≈≈≈≈# Turn
34760 on Shoals:2: Downhatch on Shoals:1 leads to northeastern tip of Shoals:2,
nearby other stairs from first floor. ~~~~..........~~~~~~~~~~~~≈≈≈≈≈≈≈
~~.........~~~~~~~~~~~~~~~~≈≈≈≈≈≈ ~.....##...~~~~~~~~~~~~~~~~~≈≈≈≈≈
~....≈≈≈≈≈≈≈~~~~~~~~~~~~~~~~~~~~~ ....≈≈≈≈≈≈≈≈≈.~~~~~~~~~~~~~~~~~~~
...~≈≈≈≈≈≈≈≈≈≈~~~~~~~~~.~~ ....≈≈≈≈≈~≈≈≈≈≈~~...~..... ~#~.~≈≈≈≈...~~≈≈~... #.
#~#~.≈~~~@~.~^~≈≈.... #. ~#~~.~~~~~~~..≈≈≈..~..###. ..~.≈~~~~###~.~≈≈~~~......
~~.~≈≈.~~~###~~~≈≈≈≈~~>..~ ≈~≈≈≈≈~~~##...~≈≈≈≈≈≈~...~ ≈≈≈≈≈≈≈.~~#...~≈≈≈≈≈≈~~~~~
≈≈≈≈≈≈~.~~))~~~≈≈≈≈~~~~~~~ ≈≈≈≈≈≈≈≈~~~~~~≈≈≈~~~~~~~~. ≈≈≈≈≈≈≈≈≈≈~≈~~≈≈≈≈~~...~~.
Turn 36030 on Shoals:3: lightning rod ...............# .#.#.........
..............### ## #......... ............###?# .# ##........
............##)?$##.# )$##....... ..........###(|(##..##?|)###.....
..........##)/?)|....?["=)##..... .........###=?|!......(|)[##..... .........##
#!?.)....=.:$# #..... ..........####..@.......####.....
.........##................#..... ............#............#.......
.........#####..........#####.... ..........###$[./....=.)(# #....
.........###)[[!......$)!?###.... .......JJJ##)[φ=)....$)[)/##.....
......J...###(=?##..##)=)##...... .....JJJJ...##(?[##.# !$##....... Turn 39824
on Slime:5: masterwork demon blade # # .##. .. .##... #.. ....# #.. #..# # ##...
##..## .# #....c##....##..# ....WcDCC?:..... #....C##@)..##. ##.). ##).## ##..§
##).## #...§c##c)..##e.# ....§c)§§........ ###############.. Turn 41371 on
Vaults:5: FINALLY FOUND RPOIS RING #.....)................##..
##.....................##.. ##.....................##..
##.......#######......).##.. #.......#########.....).##..
#......###.....###.......# ##......##.......##.......#..
#.......##..=∩...##.)(....#.. #.......##..@....##......##..
#.......###.....###......##.. ##.......###...###.......##..
#........###.###.......###.. #.....................## #..
#.....................## #.) #......................###..
#........................##.. #.................#####...#.. Turn 42014 on
Vaults:5: This seed really wants you to go to slime pit. .# ## ..# # ..## ...##.
...# ....#. ... .. .....####.. ..# #......# #... ##..#/...# #..# ##...
#@..##...# #.... ##..#[...# ##......####......## ....................
...####......####.. #..# #...:#..# # #...##...##...# #. #....#.)## ...)# #..
#.####.....)####......## #... Turn 42099 on Vaults:5: silver rune in northwest
quadrant ### #..##..†##..#..#.##.# #(.#8...8#..#...###.# #..##...##..#..#.##.#
#.....©.....#...#.#.# #..##...##..#..###.. #. #8...8#..#..# #.# #..##...##..#..#
... #...........#..# ## #...!$@....©#..# #############..# .....©.......†###
.................# ##O####..####.##.# OOO #..# #.##<#### O## #.#######.....###
###.....##....... #####.......###...#. Turn 42856 on D:15: +2 cloak of poison
resistance .....~~≈≈~..#(####......# #.... .....~≈≈≈~..#...[.......# #.###
.....~≈≈≈~..#####..?....# ##.### .....~~~~~..# #........####..##. ............#
#................. ............# #..############### ~~~..#####..####.#......##..
~≈~..#≈≈≈#...).#.#..?.##.... ≈~~..#≈≈≈#..##..@##.##......
~~~..#####..####..##....##. ............# ##.##..##..# ....##'###### ##.###..
....##.# #.## ...# ....##.# #..# #.#D ....'..# #..## ##.. ....##.# #...# .
....#..# #.#.## Turn 43356 on Depths:2: ZERO DAMAGE CAUSTIC SHRIKE FIGHT .##.#
#.# #.# #.###.# .##.# #.# ####.#######.# #.# ###+##### #.# #......[...).# #.#
........# #.###.##.######### ### ........####.....##.# ?.......'...#######.#
........#####.§§>.#.# ........# #≈§§§§### ........# #≈§≈@§# ....#'### #≈≈≈§§#
....#.# ##≈≈§(# ....#.# #...≈## ....#.# #<#.≈≈# ....#.# ###§§≈# ....#.# ##≈§≈≈#
....'.# #§≈§(## ....#.# #§≈§§≈# Turn 44070 on Depths:3: Fun kobold lava path to
Abyss gate. ####### ............. #........####. #........#≈≈#. #........#≈≈#.
###.....>.[#≈≈#. #8.........####. +.8#+######........####.
+.Z.ZZZ@.'.........####. +.8#+######......>...... #8..#'##'#.+####
###...####.##### #..####...##.. #..###..~..#.# #......~~~...#
#####################.###..~..### ##.##.##..........###.####...#### Turn 44369
on Depths:3: Ossuary vault? #... ##... #... #... #... ##..# #... #... #... #..#
#... ####..# #...##..#..# #......[@()# #.......#..# #.......#..# #...##.)#..##
######.<#...# . #....[..##..## ..# #......)'#)..#...# #...##..###.....#
######..#.#....## Turn 45142 on Depths:4: +1 heavy mace from Trog. Trog knows
how I like weapons like my women- heavy. '.# #......#.. '# ##......#'### ##
............ '# ##........... '.# #'.......... ...# #.......... #...# #.)††..#
#... #..CD..# #.. +...@).# #......# #......#.# #####........' ##............#
##.............#. ...............#.# ##### ...............###
....#########......#.. Turn 45536 on Depths:4: >The juggernaut hits you but does
no damage. ##### ##...## ##.q...####≈ +dd.!....... +...@...8.≈. +.....dq....
##q....####≈ ##..d## ##### Turn 45966 on Zot:1: Fire draconian jamboree! #####
##.§.## ##○....####≈ +...)....... +.).@)..8.≈. +..).X...... ##..d..####§ ##...##
##### Turn 45994 on Zot:1: Lots of tentacled monstrosities here too. ### ###§###
#### ###≈...§### ...## ##≈.......≈## ....####≈.........≈####..
.)...................q.d. .∩)..8.≈.....⌠.....≈.8d.. ).).............@.....d..
.)..####≈.........≈####.. ...## ##≈.§§.§.§≈## #### ###≈..§≈### ##'''## #.d.#
..... ...⌠... #.......# Turn 46032 on Zot:1: purple draconians to the east of
Zot entrance #.....'.............##..# #.....'............###..#
########''####...........## #..# ............####''####''## #..#
.......).....'..........# ##..## ...........#######......# #.....
...........#⌠...⌠#####..####..... .......)...#.....#######.......##
......)))).#.._Z@'....>#.....#### .(.........#.....##########..###.
#..........#⌠...⌠# #..# #....'. #####......###########''###''###.
#.†......'....#.............. #†)†....###...'.............. #......##
#...'.............. ##....## #...#.............. #''### #...#.............. Turn
50956 on Crypt:2: Vault accessible by only one upstairs on third floor. ,,,,+,*
*,+,,,,,,,,,,,,,+,* *,+,, ,,,,*** **#..#.......#.,*** ***,, ,,,,+,*
*,+.....z..z....+,* *,+,, ,,,,*****##..#.z.z...#..*** ***,,
*+****,,+z'.............+,* *** ,,,* *,,**#..#.......#..*** *, ,,,*
****,+.............+,* *, ,,,* **#..#.......#..*** *, **** *,+.....@.......+,*
** ####### **#.z..#...#....*** ......### #..⌠*#...#*⌠,.* ####....#
######...#####* #....# #.............* #....###..#########..*
#......#.............* #......######.#.########******
#.......................,,,,,* Turn 51169 on Crypt:3: Skeleton end fortress! .#
≈≈ #°E.# .## ≈≈. #...# ≈ ..## .§§§§≈####dd°####≈≈ #..# .. ≈≈≈....dEd..≈≈≈
#........ §.≈§≈≈≈d.)).≈≈≈≈≈ #..#........ #≈§≈§§○≈≈≈≈≈#
##.###....##.####E☼°≈≈#### ##.## #......####E○..## ##..# #..#....#.@#........ #
.##.###..# #.######....# ### ..#..##.# #.# ##### ##)) .....#..## #.# ###.)#
.........# #.## ###.)### .........#####..### ####...##
..........#.......#####...#### ........................###
......................### Turn 52343 on Zot:2: Fire fortress in center. Tiamat
spawns around here. ## #.# #..# ##..# #@># #.y## #..## #..# ...# ...# #### Turn
54290 on Zot:4: One-shot a golden dragon. B) **,,,,,**##...## **..?..#*##...##
####....,* ##...# ##....$..**##...## ##.[).#..**##...## *#....#..#*##...##
*#........###...## **....#........^## **,>,,#...@.....## *,,,,#.........##
**,,#......[..## ###*,,#.......$.## ##.#,,*.........## ##..#,*,........##
##..##*,,.....<.## #<>##*,,,$.....#* .†##*,,,,,,,,,** Turn 54543 on Zot:4:
Acquirement scroll is in north btw. .# #.......###..###########... .#
#........[................. .# #.......................... )#
#....[..................... .# #....######...######......# .#### #....#
#................ ....# #....#### #................ ....#
#.......##############...## ....###.........@..............#
.####.......................⌠..# ...##..........................##
................................. .................................
.....†........................... ####.....#....############....### #.....#....#
#....[## #...###.#### #......## Turn 54649 on Zot:3: Zot:4 uphatch kinda viable
for orbrun. ##.....####.).# ##.....####... ##..?..####.. ####.....# ##.
##.......####.. ##.[).#..####... ##....#..####...# ##........###...##
##@...#........^## ##.>..#.........## #....#.........## ##..#......[..##
####..#.........## ##.#..#.........## ##..#.#.........## ### ##..###.......<.##
#:### ##<>###.........## Turn 55469 on Zot:4: Zot:5 uphatch good for orbrun.
#...## #...# #... ##....# #####⌠..# #... #.....# #...#...# #... #.....#
#.....).# #... #.....# #......## #... ####### ####...######...
#####............. #.....####...##### #@##### #...# #.# #...# #.# ##### #.# ****
*******#.#******* **** ,,,** *,,,,,,...,,,^,,* **,,, ,,,,** **,,,,,...,,,,,**
**,,,, ,,,,,** *,,,,^...,,,,,* **,,,,, ,,,,,,* **,,,,,,,,,,,** *,,,,,, Turn
55736 on Zot:5: enemies in northern half include storm dragon, golden dragon
death cobs, tentacled monstrosity #...## #...# #... ##....# #####⌠..# #...
#.....# #...#...# #... #.....# #.....).# #... #.....# #......## #... #######
####...######... #####............. #.....####...##### #@##### #...# #.# #...#
#.# ##### #.# **** *******#X#******* **** ,,,** *,,,,,,..y,,,^,,* **,,, ,,,,**
**,,,,.....,,,,** **,,,, ,,,,,** *,,,.^....y,,,* **,,,,, ,,,,,,* **,.........,**
*,,,,,, Turn 55742 on Zot:5: moth of wrath with orb guardians in lower half
immediately ##### #...# ##### ######## ###...### #...# #......# ####.......#
#...# #...†..# #..........# ###...####......###).........#
.........⌠9..)..@.).......#### ...........)......)....)..#
.#####.....#######...###### .# #....## ##### ## #<...# # ##..## # #..# # #.|# #
#..# Turn 58135 on Zot:5: TOENAIL GOLEM I LOVE YOU ##........###...##
##9...#........^## ##.>..#.........## #....#.........## ##..#......[..##
####..#.........## ##.#..#.......).## ##..#.#......)..## ##..###.......@.##
##<>###.........## ##.†###.........## #..###....[....## ..###.........##
.###......[..## ###..)......## ##......)..## #.........## Turn 58306 on Zot:4: I
LOVE TOENAIL GOLEMS ...#.............................
...#.##.##########.##............ ...#.##.##...........##.########.
#.##.##.##..............####§###. #.##.##§###########..#####≈...≈##
#.##.##.#######...######≈.......≈ #.##.#......##.....####§.........
#.##.#..##..÷.)))..))......[).... #.##.#..##..'.)5@)..8.≈.....⌠....
#.##.#..##..'÷T[)[...)........... #.##.#..##.###..)..####≈.....)... #.##.#####.#
##...## ##§...))..≈ #.##.#####.######## ###≈.).≈## #.##.........^..# ###'''##.
#.#######..####.# #8#.))#8# #......###.# #.# #.......# #......###.# #.#
#...⌠...# Turn 59768 on Zot:1: "Extremely dangerous" panlord with awful evasion.
###################### #....................# #........####........#
#........#≈≈#........# #........#≈≈#........# ########.....>.[#≈≈#........#
##...##8.........####...<....# 8#'######.......@####........#
.......'.........####........# 8#'######......>.............# ##
##...##8..#'##'#.+########'#####. ########9..####.########........
#..####...##........##++# #..###..~..#.####..##.... #......~~~...# ##.##.....
##########.###..~..### #..#...... Turn 60813 on Depths:3: I LOVE YOU TOENAIL
GOLEM ###### ###### #....# #....# ###.##.# #.##.# #...##.# ####.##.####
#.####.###...@##....# ####.####.....#####..#.# .[......#.###.#####..#.#######
.###.##.#<..#.##.....#.......# ..........#.####.##.##.....#.# ##...##.#.#.#
#........#.##.# #...##.....####..........##.# ##........#....#.............#
.#.......[...#.#.#........#### Turn 63420 on D:6: Finished exploring D:6.
#......###...##############..# ###......#...#..........###..#
#......#...#..........#..... #......#...'..........#.....
#......#...#..........#..... #......#...#..........#...[.
#......#...#..........#..... ######......#####..........###'##
................@X#####.........# ..................#...#.........#
..................#>..'.........# ..................'...#.........#
..............2...#...#.........# ####..............#.).#.........#
#..............#...#.........' #.....9........#...#.........#
#######........#####.........# Turn 63621 on D:5: I LOVE TOENAIL GOLEM

Levels and vault maps discovered:
D:1:      lemuel_arrival_room, layout_rooms,
          shapermc_ecumenical_altar_mp_highgroup
D:2:      layout_loops_cross, uniq_robin
D:3:      layout_rooms, serial_shops, shop, hellmonk_ghost_happy_afterlife,
          minmay_checkerbox, uniq_crazy_yiuf_cottage, uniq_grinder, uniq_ijyb
D:4:      layout_loops_ring, serial_rivers, chequers_serial_rivers_large_b,
          chequers_serial_rivers_small_3, chequers_serial_rivers_micro_a,
          chequers_serial_rivers_room_b, chequers_serial_rivers_micro_e,
          chequers_serial_rivers_micro_a, minmay_joined_circles, uniq_natasha
D:5:      layout_gridville, nicolae_gozag_seed_capital, portal_sewer_entry_d
D:6:      layout_basic, kennysheep_mini_moat, minmay_temple_entry_stoned_glass,
          minmay_misc_feat_encased, centaur_isle
D:7:      layout_loops_ring, enter_bailey_3, nrook_pool_corridor
D:8:      layout_basic, mainiacjoe_overflow_two_lobes
D:9:      layout_roguey, mainiacjoe_overflow_small_starburst, lemuel_tele_altar,
          lair_entry_dummy
D:10:     layout_basic, evilmike_ruin_ashenzari, mainiacjoe_overflow_alcove_1
D:11:     layout_basic, david_orc_3, serial_shops, shop_coins, uniq_josephine
D:12:     layout_stronghold, serial_shops, nicolae_shop_scrapyard,
          fedhas_altar_3
D:13:     layout_big_octagon, david_vaults_1, enter_trove_5, serial_shops,
          bzr_entry_safe, ebering_ghost_reflecting_pool, uniq_erolcha
D:14:     layout_roguey, fiery_altar_vehumet
D:15:     grunt_enter_depths_hoard, layout_loops_cross,
          gammafunk_ghost_mausoleum, yredelemnul_altar_generic
Temple:   minmay_temple_curvy_branch
Lair:1:   layout_gridlike, special_room [special_room_bee],
          gammafunk_ghost_wrathful_warriors, st_stairs_4
Lair:2:   gammafunk_cloud_chamber, layout_regular_city, lemuel_oklob_altar,
          grunt_megastairs_2
Lair:3:   layout_gridlike, nicolae_shoals_entry_roost, dummy_snake_entry,
          uniq_sonja
Lair:4:   layout_roguey, lemuel_fruit_fields, uniq_snorg
Lair:5:   due_jungle_book, layout_regular_city, nicolae_slime_entry_field_trip
Shoals:1: layout_shoals, ebering_ghost_disaster_area,
          nicolae_shoals_nymph_descending_staircase
Shoals:2: layout_shoals
Shoals:3: nicolae_shoals_island_circles, layout_shoals, serial_shops, shop
Shoals:4: shoals_end_hellmonk_storm_palace [storm_palace_center_square,
          storm_palace_corner_narrow, storm_palace_corner_blocked,
          storm_palace_corner_altar, storm_palace_corner_narrow]
Snake:1:  layout_grid_maze, ebering_ghost_gozag, uniq_kirke
Snake:2:  layout_chambers, serial_shops, shop
Snake:3:  layout_layer_cave, grunt_ministairs_8
Snake:4:  snake_pit_salamanders_mu, layout_cave_town,
          nicolae_snake_gridmaze_swirls, st_stairs_9,
          nicolae_snake_salamander_zone, lemuel_fruit_tree, uniq_bai_suzhen,
          uniq_asterion, uniq_vashnia
Slime:1:  layout_caves
Slime:2:  layout_caves
Slime:3:  layout_caves
Slime:4:  layout_caves
Slime:5
Orc:1:    layout_caves
Orc:2:    st_orc_town, layout_caves, lightli_volcano_entry_magma_tube,
          nicolae_orc_rockfall, uniq_donald
Vaults:1: nicolae_vaults_big_ls, hangedman_vaults_river_flow,
          ontoclasm_vaults_loading_screen, v_pattern_5, v_misc_32,
          dpeg_vaults_monster_box, layout_vaults_chaotic_city
Vaults:2: hangedman_vaults_nails, minmay_crypt_entry_simple_plaza, v_pattern_1,
          v_misc_29, nicolae_vaults_library_corner, hangedman_vaults_unwind,
          nicolae_vaults_mitosis, hangedman_vaults_trim,
          nicolae_vaults_offset_grid_hallway_3, vaults_dpeg_emergency_exit,
          nicolae_vaults_diamond_1, ontoclasm_vaults_fault,
          ontoclasm_vaults_pinch, layout_vaults_omnicross
Vaults:3: vaults_room_grid, ontoclasm_vaults_twist, ontoclasm_vaults_spin,
          vaults_standard_mumra_lines, nicolae_vaults_theta,
          hangedman_vaults_snaps, nicolae_vaults_double_plus_3,
          grunt_vaults_diagonal, nicolae_vaults_six-pack, vaults_room_hallway,
          layout_vaults_omnigrid, uniq_mara
Vaults:4: vaults_room_fours, nicolae_vaults_trapezoid_2,
          nicolae_vaults_quartermaster, nicolae_vaults_taking_the_gang_shopping,
          vaults_dpeg_encased_lava, nicolae_vaults_door_testing_chamber,
          hangedman_vaults_stitches, nicolae_vaults_apartment_2,
          nicolae_vaults_network_star, nicolae_vaults_frosty_reception,
          nicolae_vaults_variable_pillar_hall, layout_vaults_maze_snakey
Vaults:5: uniq_margery
Crypt:1:  layout_chaotic_city, grunt_ministairs_5
Crypt:2:  layout_gridlike, grunt_ministairs_6, lemuel_elevator,
          grunt_megastairs_3, lemuel_upstairs_altar, uniq_boris,
          uniq_saint_roka, uniq_zenata
Crypt:3:  church_of_pain_bobbens, layout_chaotic_city, tomb_entry_shell_bobbens
Depths:1: layout_forbidden_donut, amcnicky_mini_rare_corridor_liquid,
          serial_shops, shop, grunt_hell_entry_dis_mu, library_closet,
          nicolae_qazlal_general_emergency, kennysheep_random_hallway,
          infiniplex_staircase_pool_lava
Depths:2: minmay_the_grid_triangle_9x9_recursive_3_mashed
          [minmay_the_grid_triangle_9x9_windchime,
          minmay_the_grid_triangle_9x9_corruption,
          minmay_the_grid_triangle_9x9_dagger,
          minmay_the_grid_triangle_9x9_prize_center,
          minmay_the_grid_triangle_9x9_shrine,
          minmay_the_grid_triangle_9x9_limited_checkers,
          minmay_the_grid_triangle_9x9_subtriangle,
          minmay_the_grid_triangle_9x9_odd_lines,
          minmay_the_grid_triangle_9x9_checkered], layout_gridlike,
          enter_ziggurat_e, rand_demon_pan_entry_3, hangedman_coc_ice_floe,
          uniq_grunn
Depths:3: lemuel_minitomb, layout_gridlike, amcnicky_mini_pool_small,
          marbit_kobold_abyss_entry, rand_demon_pan_entry_5,
          pf_vacation_house_of_asmodeus, nicolae_shop_unique_rings,
          infiniplex_staircase_hallway_doors, serial_bayou_shore_b, uniq_jory
Depths:4: grunt_x_marks_the_spot, layout_gridville, grunt_mini_vestibule
Zot:1:    ebering_greatest_show_in_zot, layout_basic
Zot:2:    lemuel_firehouse, layout_cathedral_of_symmetry, uniq_tiamat
Zot:3:    layout_misc_corridors, nicolae_diode_basic, grunt_megastairs_5
Zot:4:    lemuel_halls_of_wrath, layout_onion_interference
Zot:5:    layout_misc_corridors

Skill      XL: |  1  2  3  4  5  6  7  8  9 10 11 12 13 14 15 16 17 18 19 20 21 22 23 24 25 26 27 |
---------------+----------------------------------------------------------------------------------+-----
Maces & Flails | 4 6 7 9 10 12 13 14 16 20 22 24 27 | 27.0
Fighting       | 4 5 6 7 8 9 12 15 16 18 19 20 21 23 24 26 27 | 27.0
Dodging        | 3 4 5 8 11 12 13 14 15 17 18 19 20 21 22 25 | 25.4
Armour         | 3 4 7 8 11 12 14 | 14.6
Evocations     | 3 4 5 9 10 11 12 13 14 15 | 15.0
Shields        | 1 6 9 13 16 19 22 25 26 27 | 27.0
Stealth        | 3 7 13 | 13.4
Throwing       | 2 5 6 8 10 15 24 | 24.0

Action                     |  1- 3 |  4- 6 |  7- 9 | 10-12 | 13-15 | 16-18 | 19-21 | 22-24 | 25-27 || total
---------------------------+-------+-------+-------+-------+-------+-------+-------+-------+-------++-------
  Melee: Mace              |    75 |    25 |       |       |       |       |       |       |       ||   100
         Headbutt          |    15 |    10 |    59 |   128 |   216 |   289 |   453 |   494 |   808 ||  2472
         Flail             |       |    38 |   136 |       |       |       |       |       |       ||   174
         Whip              |       |       |   204 |   568 |   259 |       |       |       |       ||  1031
         Punch             |       |       |     2 |     2 |       |       |       |       |       ||     4
         Morningstar       |       |       |       |       |   439 |   819 |  1072 |   990 |   467 ||  3787
         Demon whip        |       |       |       |       |       |       |       |       |  1330 ||  1330
  Throw: Dart              |       |       |       |       |     6 |     1 |       |     2 |     2 ||    11
         Stone             |       |       |       |       |    23 |     4 |       |       |       ||    27
         Throwing net      |       |       |       |       |       |     1 |       |       |       ||     1
         Boomerang         |       |       |       |       |       |       |    31 |    16 |   371 ||   418
         Javelin           |       |       |       |       |       |       |     6 |       |       ||     6
 Invoke: Berserk           |       |     4 |     4 |     6 |     4 |     3 |       |       |       ||    21
         Trog's Hand       |       |     2 |     2 |     1 |     7 |     7 |     7 |    21 |    32 ||    79
         Brothers in Arms  |       |       |       |       |     4 |     2 |       |    13 |    23 ||    42
  Evoke: Wand              |       |       |       |     1 |    11 |    14 |    19 |       |    16 ||    61
         Lightning rod     |       |       |       |       |       |       |     2 |     4 |    12 ||    18
         Condenser vane    |       |       |       |       |       |       |       |     1 |       ||     1
    Use: Scroll            |       |     1 |    16 |     7 |    14 |     9 |    17 |     9 |    20 ||    93
         Potion            |       |       |     1 |     3 |     2 |     6 |    12 |     6 |    30 ||    60
   Stab: Invisible         |       |       |       |     1 |       |     4 |       |     6 |       ||    11
         Paralysed         |       |       |       |       |     4 |     5 |       |       |       ||     9
         Sleeping          |       |       |       |       |     6 |     2 |       |       |     2 ||    10
         Distracted        |       |       |       |       |     1 |     1 |       |     2 |     7 ||    11
 Armour: Animal skin       |    16 |     1 |       |       |       |       |       |       |       ||    17
         Leather armour    |       |    17 |    58 |    71 |    95 |    27 |       |       |       ||   268
         Scale mail        |       |       |    72 |    52 |    19 |       |       |       |       ||   143
         Pearl dragon scal |       |       |       |       |    24 |   227 |   238 |   225 |   205 ||   919
  Dodge: Dodged            |    45 |    36 |   187 |   230 |   357 |   365 |   458 |   395 |   638 ||  2711
  Block: Other             |       |       |       |    28 |       |       |       |       |       ||    28
         Buckler           |       |       |       |    77 |   137 |       |       |       |       ||   214
         Reflection        |       |       |       |     1 |       |       |       |       |       ||     1
         Tower shield      |       |       |       |       |   291 |  1075 |  1535 |  1421 |  2157 ||  6479
         Kite shield       |       |       |       |       |    11 |       |       |       |       ||    11
Riposte: Whip              |       |       |       |     7 |    48 |       |       |       |       ||    55
         Morningstar       |       |       |       |       |   140 |   348 |   516 |   485 |   214 ||  1703
         Demon whip        |       |       |       |       |       |       |       |       |   571 ||   571
